Workbook
Name Flecha_Este: [1]Aux_0!$D$1
Name Flecha_Este: [1]Aux_0!$D$1

Sheet Definitions, shorthand, codes
B1: Definition | C1: Abbreviation
A2: Household | B2: Eats at least one meal together each day, shares a budget managed by the household head, and usually sleeps under the same roof. | C2: HH | D2: This page left intentionally blank.
A3: Household head | B3: The primary decision-maker in the household. Frequently but not always primary earner/breadwinner. | C3: HH head
A4: Dwelling | B4: A contiguous building or area where one or more HH members sleep.
A5: Refugee from Syria | B5: Anyone who was living in Syria in September 2010 (before the beginning of the civil war) including Syrian refugees (SR), Palestinian Refugees from Syria (PRS), and Lebanese Returnees (LR). | C5: SR
A6: Temporary residence | B6: We need a definition here and in the interviewer manual

Sheet Cover
D1: MULTICOUNTRY SURVEY OF SYRIAN REFUGEES AND HOSTING COMMUNITIES
Y5: HOUSEHOLD NUMBER (WITHIN DWELLING)
Y7: UPDATED NAME OF HEAD OF HOUSEHOLD
Y10: UPDATED ADDRESS / DIRECTIONS
Y13: UPDATED PHONE NUMBERS
A20: USE STICKER NUMBERS TO SELECT: 1) A CHILD (3-18) ON BEHALF OF WHOM THE MAIN RESPONDENT WILL ANSWER SECTION K; 2) A RANDOM RESPONDENT (15-64) WHO WILL ANSWER SECTIONS L THROUGH W; AND 3) A SECOND RANDOM RESPONDENT (15-64) WHO WILL ANSWER SECTIONS MM-TT. READ THE NUMBERS FROM LEFT TO RIGHT UNTIL YOU REACH THE ID OF A HOUSEHOLD MEMBER THAT FULFILLS THE AGE CRITERIA. CIRCLE THE SELECTED NUMBERS AND RECORD THEM IN THE APPROPRIATE FIELDS.
B24: NUMBER OF HOUSEHOLD MEMBERS | AE24: SELECTED CHILD ID | AJ24: SELECTED RANDOM RESPONDENT ID1 | AO24: SELECTED RANDOM RESPONDENT ID2
B25: MALE | F25: FEMALE | J25: TOTAL
B32: NAME OF SURVEYOR | N32: ID | V32: DAY | X32: MONTH | Z32: RESULT | AB32: COMMENTS | AJ32: 1- COMPLETED ALL SECTIONS
T33: VISIT 1 | AJ33: 2- COMPLETED SECTIONS A-K/ VISIT SCHEDULED WITH RANDOM RESPONDENT
AJ34: 3- COMPLETED RANDOM RESPONDENT SECTIONS
B35: NAME OF REVIEWER | N35: ID | T35: VISIT 2 | AJ35: 4- OTHER PARTIALLY COMPLETED (SPECIFY)
AJ36: 5- VACANT DWELLING
T37: VISIT 3 | AJ37: 6- HOUSEHOLD IS ABSENT
B38: NAME OF FIELD SUPERVISOR | N38: ID | AJ38: 7- HOUSEHOLD REFUSED TO COOPERATE | AS38: ► | AT38: =R42 -> PROXY
T39: VISIT 4 | AJ39: 8- RANDOM RESPONDENT REFUSED TO COOPERATE
AJ40: 9- OTHER, SPECIFY ( ▼)
B41: NAME OF DATA ENTRY OPERATOR | N41: ID
R42: PROXY | V42: PROXY RESPONDENT | Z42: 1 - YES | AH42: ► | AI42: A
Z43: 2 - NO | AB43: (Source)
B45: GENERAL COMMENTS

Sheet A- Roster
A1: MAIN RESPONDENT (ADULT WHO HAS LIVED WITH THE HOUSEHOLD SINCE 2010 | N1: Roster ID code of main respondent:
A2: AND IS KNOWLEDGEABLE ABOUT ALL ASPECTS OF THE HOUSEHOLD) | N2: (IF PROXY RESPONDENT RECORD 99)
A4: TIME STARTED: | G4: :
A6: A- Household members not included in the roster
J8: =A18+1 -> 4 | K8: Does your household include any financially dependent members who temporarily reside outside the household dwelling? (Hospital, army, studies, etc.)
A9: 1 | B9: Were you part of the household in 2010?
B10: 1- Yes | K10: 1- Yes | L10: If yes, do not include these members in the roster
B11: 2- No | C11: ► | D11: Ask for different main respondent | K11: 2- No | L11: ► | M11: =J19 -> 6
A13: =A9+1 -> 2 | B13: Does the primary breadwinner for your household live outside the household?
J14: =J8+1 -> 5 | K14: Number of financially dependents members who temporarily reside outside the household dwelling? (Hospital, army, studies, etc.)
B15: 1- Yes | C15: If yes, do not include in the roster
B16: 2- No | C16: ► | D16: =J8 -> 4
A18: =A13+1 -> 3 | B18: Where does the primary breadwinner reside?
B19: 1-Lebanon | J19: =J14+1 -> 6 | K19: Does your household include any domestic workers?
B20: 2-Syria | K20: 1- Yes | L20: If yes, do not include these members in the roster
B21: 3-Palestine | K21: 2- No | L21: ► | M21: =B40 -> 8
B22: 4-Iraq
B23: 5-Jordan | J23: =J19+1 -> 7 | K23: Number of domestic workers
B24: 6-US/Canada
B25: 7-Europe
B26: 8-Other, specify
A36: Roster ID code of main respondent: | J36: (IF PROXY RESPONDENT RECORD 99) | R36: Questionnaire Number:
A38: For each member of your household…
A39: Enumerator: Write the name of the head of the household first, followed by the name of the spouse, then the children as per age (the ones who are married with their families...husband / wife and their children as per age) then the name of the father / mother, then the brother / sister then the other relatives then those who are not related to the household. Then proceed with remaining questions.
A40: Roster ID code | B40: =J23+1 -> 8 | D40: =B40+1 -> 9 | G40: =D40+1 -> 10 | J40: =G40+1 -> 11 | M40: =J40+1 -> 12 | Q40: =M40+1 -> 13 | S40: =Q40+1 -> 14 | V40: =S40+1 -> 15 | Y40: =V40+1 -> 16 | AB40: =Y40+1 -> 17
B41: What is [NAME]'s name or initials? If respondent is uncomfortable giving name, use initials instead | D41: What is [NAME]'s gender? | G41: What is [NAME]'s relationship to the HH head? | J41: Does [NAME] live in the primary dwelling? | M41: When was [NAME] born? | Q41: What was [NAME]'s age at his/her last birthday? | S41: What country was [NAME] born in? | V41: What nationality or nationalities is [NAME]? Multiple responses allowed | Y41: Does [NAME] have papers that prove his/her nationality? (government-issued ID, passport, etc) | AB41: What is [NAME]'s marital status?
D42: 1- Male | G42: 1-Head of household | J42: 1-Yes | M42: [year] | Q42: [# years] | S42: 1-Lebanon | V42: 1-Lebanese | Y42: 1- Yes | AB42: 1- Never married
D43: 2- Female | G43: 2-Spouse | J43: 2-No | K43: ► Next member | S43: 2-Syria | V43: 2-Syrian | Y43: 2- No | AB43: 2-Currently married
G44: 3-Child | S44: 3-Palestine | V44: 3-Palestinian
G45: 4-Sibling | S45: 4-Iraq | V45: 4-Iraqi | AB45: 3-Widowed
G46: 5-Father/Mother | S46: 5-Jordan | V46: 5-Jordanian | AB46: 4-Divorced / Separated
G47: 6-Son/Daughter in Law | S47: 6-US/Canada | V47: 6-US/Canadian
G48: 7-Grandchild | S48: 7-Europe | V48: 7-European
G49: 8-Father/Mother in Law | S49: 8-Other, specify | V49: 8-Other, specify
G50: 9-Other relative
G51: 10-No relation
A53: 1
A55: 2
A57: 3
A59: 4
A61: 5
A63: 6
A65: 7
A67: 8
A69: 9
A71: 10
A73: Roster ID code of main respondent: | J73: (IF PROXY RESPONDENT RECORD 99) | V73: Questionnaire Number:
A75: Roster ID code | B75: =AB40+1 -> 18 | E75: =B75+1 -> 19 | I75: =E75+1 -> 20 | L75: =I75+1 -> 21 | O75: =L75+1 -> 22 | Q75: =O75+1 -> 23 | T75: =Q75+1 -> 24 | V75: =T75+1 -> 25 | Y75: =V75+1 -> 26 | AF75: =Y75+1 -> 27 | AG75: =AF75+1 -> 28
B76: Has [NAME] ever attended school? | E76: What is the highest level of education [NAME] attended (including current school year)? | I76: What is the highest grade [NAME] completed in the formal system (i.e. before transferring to vocational system if applicable)? | L76: What is [NAME]'s current work status? | O76: Was [NAME] living in Syria in 2010? | Q76: Enumerator please confirm: has this individual been displaced by the Syrian Crisis, ie, was living in Syria in 2010? These include Syrian refugees (SR), Lebanese returnees (LR), and Palestinian refugees from Syria (PRS) | T76: Is [NAME] registered with UNHCR? | V76: Why hasn't [NAME] registered? Up to 3 responses | Y76: When did [NAME] leave Syria? | AF76: At the time of leaving Syria: was [NAME] in school؟ | AG76: At the time of leaving Syria: was [NAME] employed or operating a business؟
B77: 1- Never attended, cannot read/write ► A21 | E77: 1-Pre-primary | I77: Grades 1-12 | L77: 1- Employer | O77: 1-Yes | Q77: 1-Yes | T77: 1-Yes | V77: 1-Unaware of the process | AF77: 1-Yes | AG77: 1-Yes
E78: 2-Primary | I78: 0 if pre-primary | L78: 2- Self-employed | T78: ► | U78: =Y75 -> 26
E79: 3-Intermediate | I79: 13 if graduated from university | L79: 3- Paid employee | O79: 2-No | Q79: 2-No | R79: ► next member | T79: 2-No | V79: 2-Cost, distance or difficulty of reaching the registration center | AF79: 2-No | AG79: 2-No
B80: 2- Never attended, can read/write ► A21 | E80: 4-Vocational Intermediate (CAP or BP) | L80: 4- Unpaid family worker
I81: 99 if Don't Know | L81: 5- Student who also works | O81: 3- Was not born | Q81: 3-Not born
E82: 5-Secondary school | L82: 6- Full-time student | Q82: ► next member
B83: 3- Attended in the past | E83: 6-Vocational secondary school (BT or DS) | L83: 7- Home maker | V83: 3-Do not trust data will be kept confidential
E84: 7-University (BA/BS) | L84: 8- Unemployed, looking for work (has worked previously)
B85: 4- Currently attending | E85: 8-Vocational post-secondary (TS/LT))
L86: 9- Unemployed, looking for work (never worked before) | V86: 4-See no benefit in registration
E87: 9-Postgraduate studies (MA/MS/PhD) | L87: 10 - Not looking for a job because of lack of papers
E88: 10 - Don't Know | L88: 11- Not looking for a job due to frustration/discouragement | V88: 5-Waiting for registration
L89: 12 - Not interested in working | V89: 6-Not eligible (LR and PRS)
L90: 13- Retired / too old
L91: 14- Disability/illness | V91: 7-Other (specify)
L92: 15- Under age
L93: 16- Other, specify
A95: 1
A97: 2
A99: 3
A101: 4
A103: 5
A105: 6
A107: 7
A109: 8
A111: 9
A113: 10
A115: Think about your life in September 2010 and the household you were a part of at that time. How has your household composition changed since then?
A117: =AG75+1 -> 29 | B117: Has one or more new members joined the household (excl. births) | J117: =A140+1 -> 35 | K117: Are any of these household members currently living in Syria?
B118: 1- Yes | K118: 1- Yes
B119: 2- No | C119: ► | D119: =A132 -> 32 | K119: 2- No
K120: 3 - N/A: Non-Refugee Household
A121: =A117+1 -> 30 | B121: If yes, number of new members:
J122: =J117+1 -> 36 | K122: When you left Syria, did you permanently lose contact/communication with anyone from your family?”
A124: =A121+1 -> 31 | B124: Type of regroupment | F124: Multiple answers allowed | K124: 1- Yes
B125: 1- HoH was in Lebanon in 2010 and was joined by family after the crisis | K125: 2- No
K126: 3 - N/A: Non-Refugee Household
B127: 2-Other relatives joined the household
B128: 3- Another family is sharing the dwelling | J128: =J122+1 -> 37 | K128: Has the Head of Household changed since 2010?
B129: 4- Other, specify | K129: 1-Yes
K130: 2-No, same head of household | O130: ► | P130: A39
A132: =A124+1 -> 32 | B132: Has one or more members left the household since 2010? | J132: =J128+1 -> 38 | K132: The old head of household is | O132: of the new head of household
B134: 1- Yes | N134: 1-Spouse
B135: 2- No | C135: ► | D135: =J128 -> 37 | N135: 2-Child
B136: 3- N/A | C136: ► | D136: A37 | N136: 3-Sibling
A137: =A132+1 -> 33 | B137: If yes, number of members no longer with HH | N137: 4-Father/Mother
N138: 5-Son/Daughter in Law
N139: 6-Grandchild
A140: =A137+1 -> 34 | B140: Reasons for leaving HH: | F140: Multiple answers allowed | N140: 7-Father/Mother in Law
B141: 1-They died | N141: 8-Other relative
B142: 2-They disappeared/are missing/emprisoned | N142: 9-No relation
...

Sheet B- Dwellings
A3: B- Dwellings
A4: Dwelling # | B4: Dwelling | G4: =1 -> 1 | K4: =G4+1 -> 2 | N4: =K4+1 -> 3 | Q4: =N4+1 -> 4 | T4: =Q4+1 -> 5
G5: Where do / did you live? (district): | K5: What type of dwelling is/was this? | N5: How many rooms in total are/were there in this dwelling? (including kitchens and bathrooms. Rooms defined as separated by permanent structures) | Q5: How many bedrooms are/were there in this dwelling? | T5: What material is/was this dwelling's floor made out of primarily?
K6: 1- Apartment
K7: 2- House
K8: 3- Informal settlement/tent
K9: 4- Collective center | T9: 1- Marble
K10: 5- Worksite/unfinished home | T10: 2- Parquet
K11: 6- Farm building | T11: 3- Tiles
K12: 7- Garage, shop, workshop, school, or other structure not intended for habitation | T12: 4- Concrete
T13: 5- Soil
K14: 8- Other (specify) | T14: 6- Other (specify)
A15: 1 | B15: Current
A16: 2 | B16: September 2010
A17: 3 | B17: Refugees only: Upon arrival to Lebanon
A19: =T4+1 -> 6 | B19: Who owns your current dwelling? | N19: =A29+1 -> 8 | O19: Enumerator: What is the household's rental status?
B20: 1- Unrelated person
B21: 2- HH member | O21: 1- Owns land and dwelling and does not pay rent | U21: ► | V21: C1
B22: 3- Friend or relative | O22: 2- Owns apartment and does not pay rent | U22: ► | V22: C1
B23: 4- NGO/non-religious charity | O23: 3 - Potentially pays rent on land or dwelling
B24: 5- Government agency or municipality
B25: 6- Religious organization/charity | N25: =N19+1 -> 9 | O25: How much rent do you pay each month to stay in this dwelling, including both rent on the dwelling and on the land underneath?
B26: 7- Unowned/squatting | S26: Thousand LBP
B27: 8- Other (specify)
A29: =A19+1 -> 7 | B29: Who owns the land that your current dwelling is built on?
N30: =N25+1 -> 10 | O30: Has your household experienced difficulty paying the rent on your dwelling or land anytime in the last 3 months?
B31: 1- Unrelated person
B32: 2- HH member
B33: 3- Friend or relative | O33: 1- Yes
B34: 4- NGO/non-religious charity | O34: 2- No
B35: 5- Government ministry or municipality
B36: 6- Religious organization/charity | N36: =N30+1 -> 11 | O36: Do you have a written rental contract for this property?
B37: 7- Unowned/squatting
B38: 8- N/A Apartment building | O38: 1- Yes
B39: 9- Other (specify) | O39: 2- No

Sheet C- Services
A2: C- Services
B3: For each souce of water:
A4: Source # | B4: Source | H4: 1 | K4: =H4+1 -> 2 | N4: =K4+1 -> 3 | Q4: =N4+1 -> 4 | T4: =A31+1 -> 7 | U4: What kind of latrine/toilet do you use?
H5: Is [SOURCE] currently used for drinking? | K5: How satisfied are you with the quality of [SOURCE] for drinking water? | N5: Is [SOURCE] currently used for service (such as cooking and cleaning)? | Q5: How satisfied are you with the quality of [SOURCE] for service water? | U5: 1- Latrine (simple pit)
U6: 2- Latrine in house (pour flush with soakage pit)
U7: 3- Latrine in house (pour flush with septic tank)
U8: 4- Latrine in house (pour flush to sewage)
U9: 5- Communal latrine
U10: 6- Near the house
H11: 1- Yes | K11: 1- Very satisfied | N11: 1- Yes | Q11: 1- Very satisfied
H12: 2-No | I12: ► | J12: =N4 -> 3 | K12: 2- Satisfied, | N12: 2-No | O12: ► Next source | Q12: 2- Satisfied, | T12: =T4+1 -> 8 | U12: Is your overall access to sewerage services today better, worse, or the same as it was in September 2010 (wherever you may have been living at that time)?
K13: 3- Dissatisfied | Q13: 3- Dissatisfied
K14: 4- Very dissatisfied | Q14: 4- Very dissatisfied
A15: 1 | B15: Public network | U15: 1- Better today
A16: 2 | B16: Private network | U16: 2- Same
A17: 3 | B17: Artesian well or borehole | U17: 3- Worse today
A18: 4 | B18: Mineral water (Bottles)
A19: 5 | B19: Mineral water (Gallons) | T19: =T12+1 -> 9 | U19: How do you dispose of your garbage/solid waste?
A20: 6 | B20: Water delivery trucks / tankers | U20: 1- Dumpster | Z20: 5- Leave it where it is
A21: 7 | B21: Community tank | U21: 2- Refuse pit/Dump site | Z21: 6- Near the road
A22: 8 | B22: Fountain / Spring / River / Creek | U22: 3- Burning | Z22: 7- Other
A23: 9 | B23: Rain water | U23: 4- Burying
A24: 10 | B24: Other, specify
T25: =T19+1 -> 10 | U25: Is your overall access to solid waste disposal services better, worse, or the same as it was in September 2010 (wherever you may have been living at that time)?
A26: =Q4+1 -> 5 | B26: Do you feel you have sufficient access to clean water for your needs, including drinking, cooking, and cleaning?
U27: 1- Better today
B28: 1- Yes | U28: 2- Same
B29: 2- No | U29: 3- Worse today
A31: =A26+1 -> 6 | B31: Is your overall access to water today better, worse, or the same as it was in September 2010 (wherever you may have been living)? | T31: =T25+1 -> 11 | U31: What type of fuel does your household mainly use for cooking?
U32: 1- Gas | Y32: 5- Straw/shrubs/grass
B33: 1- Better today | U33: 2- Kerosene/gasoil | Y33: 6- Animal dung
B34: 2- Same | U34: 3- Electricity | Y34: 7- Agricultural crop residue
B35: 3- Worse today | U35: 4- Wood/coal | Y35: 8- Other
A37: =T31+1 -> 12 | B37: What sources of electricity do you use regularly? | L37: Up to 2 responses
B38: 1- No electricity
B39: 2- Public network
B40: 3- Common generator (shared with other dwellings)
B41: 4- Private generator
B42: 5- Solar lamp
B43: 6- Other
A45: =A37+1 -> 13 | B45: Enumerator: is "public network" one of the two sources of electricity?
B46: 1- Yes
B47: 2- No | D47: ► | E47: =A53 -> 15
A50: =A45+1 -> 14 | B50: On average, how many hours of electricity did the HH receive from the public grid per day?
A53: =A50+1 -> 15 | B53: Do you feel that you have adequate access to electricity for your needs?
B54: 1- Yes
B55: 2- No
A57: =A53+1 -> 16 | B57: Is your overall access to electricity better, worse, or the same as it was in September 2010 (wherever you may have been living at that time)?
B59: 1- Better today
B60: 2- Same
B61: 3- Worse today

Sheet D - Assets
A2: D- Assets
A3: 1 | B3: How many of [ASSET] in total do you or members of your HH own?
F4: Asset # | G4: Asset | H4: 3 | K4: =H4+1 -> 4 | N4: =K4+1 -> 5 | Q4: =N4+1 -> 6 | T4: =Q4+1 -> 7
H5: Did you own any [ASSET] in September 2010? | K5: What was the state of the [ASSET] when you left Syria? | N5: Do you have proof of ownership to reclaim or recover the [ASSET]? | Q5: What is the current state of [ASSET]? | T5: Do you currently own any [ASSET] in Lebanon?
A6: Asset: | C6: 2015
A7: 1- Air conditioners
A8: 2- Microwaves | K8: 1 - Destroyed | M8: ► D7 | Q8: 1 - In care of someone else
A9: 3- Laptops/desktops | H9: 1- Yes | K9: 2 - Partially destroyed | N9: 1- Yes | T9: 1- Yes
A10: 4- Cars | H10: 2 - No | I10: ► | J10: D7 | K10: 3 - Intact, left in Syria | N10: 2 - No | Q10: 2 - Checked on periodically by household | T10: 2 - No
A11: 5- Motorcycle/scooter | K11: 4 - Intact, brought to Lebanon | M11: ► D7
A12: 6- Washing machine | M12: ► D7 | Q12: 3 - Abandoned
A13: 7- Water heating system | K13: 5 - Sold in preparation for Lebanon | M13: ► D7 | Q13: 4 - Destroyed
A14: 8- Refrigerator | Q14: 5 - Sold
A15: 9-Burner (with or without oven) | K15: 6 - Sold for other reasons | M15: ► D7 | Q15: 6 - Stolen / confiscated
A16: 10- Radio
A17: 11- TVs | K17: 7 - Stolen / Confiscated | Q17: 7 - Don't Know
A18: 12- DVD recorder | K18: 8 - Other, specify | Q18: 8 - Other, specify
A19: 13- Cable subscription/receiver | F19: 1 | G19: Owned dwelling
A20: 14- Camera | F20: 2 | G20: Owned residential land (excluding dwelling)
A21: 15- Cellphone | F21: 3 | G21: Owned agricultural land
F22: 4 | G22: Agricultural crop, livestock, farm equipment
F23: 5 | G23: Place of business, commercial land
A24: D2 | B24: Enumerator: Were any members of this household in Syria in 2010? | F24: 6 | G24: Business Assets: machinery, equipment, or inventory
F25: 7 | G25: Cash, jewelry or savings
B26: 1- Yes | F26: 8 | G26: Vehicles (cars, trucks, motorcycles, etc.)
B27: 2- No | C27: ► | D27: =E..F!F6 -> 1

Sheet E..F
A1: E- Sources of income
A2: 1 | B2: Did your household receive any income from this source in the last month? | L2: =A28+1 -> 4 | M2: (In case respondent refuses to specify exact income): What is the appropriate income range for your household?
A4: =A2+1 -> 2 | B4: What percent of your household's income was derived from that source in the last month? (%) | M4: 1- Less than 300 thousand LBP | Q4: 7- [3-4[ million LBP
M5: 2- [300 - 675[ thousand | Q5: 8- [4-5[ million LBP
A6: Source of Income Enumerator: Read sources to the respondent) | F6: =A2 -> 1 | I6: =A4 -> 2 | M6: 3- [675-1000[ thousand LBP | Q6: 9- [5-6[ million LBP
F7: 1- Yes | G7: ► | H7: =I6 -> 2 | I7: % | M7: 4- [1-1.5[ million LBP | Q7: 10- 6 million LBP or more
F8: 2-No ►next source | M8: 5- [1.5-2[ million LBP | Q8: 11- Refused (98)
A9: 1- Income from wages | M9: 6- [2-3[ million LBP
A11: 2- Income from business earnings (inc. very small and household enterprises) | L11: =L2+1 -> 5 | M11: In your view, what is the minimum monthly income necessary to meet your household's needs?
Q12: Thousand LBP
A13: 3-Remittances from family members
L14: =L11+1 -> 6 | M14: Do you consider your household to be poor or non-poor?
A15: 4- Asset earnings (capital, rent, interest earnings inc. retirement lump sum)
M16: 1- Poor
M17: 2- Non-poor
A18: 5-Pensions
L19: =L14+1 -> 7 | M19: In 2013, did your household earn enough to meet its minimum basic needs?
A20: 6- Assistance from government/NGO/WFP /UNHCR (cash or in-kind)
M21: 1- Yes
A22: 7- Consumption from self-production (autoconsumption) | M22: 2- No
A25: 8-Other (specify) | L25: =L19+1 -> 8 | M25: In 2010, did your household earn enough to meet its minimum basic needs?
A26: Enumerator: total % is | I26: 1
M27: 1- Yes
A28: =A4+1 -> 3 | B28: What is your total household monthly income? | M28: 2- No
H29: Thousand LBP
A39: F- Sources of assistance
A40: 1 | B40: Did your household benefit from any NPTP programs in the last year?
B41: 1- Yes
B42: 2- No | C42: ► | D42: F3
B43: 3- Non-Lebanese | E43: ► | F43: F3
A45: =A40+1 -> 2 | B45: Which (multiple answers allowed)? | G45: Lebanon only.
B46: 1- Free/subsidized books
B47: 2- Free/subsidized tuition
B48: 3- Free/subsidized medication
B49: 4- Free/subsidized healthcare
B50: 5- Free/subsidized electricity
B51: 6- Other (specify)
A53: Other types of Assistance | F53: =A45+1 -> 3 | I53: =F53+1 -> 4 | L53: =I53+1 -> 5
F54: Has your household ever received [ASSISTANCE] ? | I54: Has your household received [ASSISTANCE] in the last month? | L54: Who gave you this [ASSISTANCE] most recently?
L55: 1- Government of Lebanon
L56: 2- UNRWA
L57: 3- UNHCR
L58: 4- UNICEF
L59: 5- WFP
L60: 6- UN agency (do not know which)
F61: 1-Yes ► F4 | I61: 1- Yes | L61: 7- International NGO
F62: 2- No ► Next assistance | I62: 2- No | L62: 8- Local NGO
L63: 9- Religious organizations
L64: 10 - Don't Know
L65: 11- Other, specify
A66: 1- WFP food voucher
A67: 2-Cash assistance
A68: 3-Rent or shelter support
A69: 4- Food in-kind
A70: 5- Health care
A71: 6- Education
A72: 7- Drinking water services
A73: 8- Sanitation and Solid Waste services
A74: 9- Fuel
A75: 10- Household items (furniture, clothing, etc.)
A76: 11- Other, specify

Sheet G...H...I
A2: G- Income shocks | L2: H- Prices | W2: I- Food security
A3: 1 | B3: In the last 12 months, did you or your household experience any of the following negative shocks to your income? | L3: 1 | M3: What is the average price your household pays for the following items? | X3: In the past 4 weeks…
B5: 1- Yes | F5: 2- No | M5: Don't know: -999 | W5: 1 | X5: Did you worry that your household would not have enough food?
B7: 1- Unexpected loss of job or shutdown of business | M7: Item | R7: Price paid per unit | U7: Units | X7: 1- Yes | AB7: 2- No
B8: 2- Involuntary reduction in working hours | W8: =W5+1 -> 2 | X8: Were you or any household member not able to eat the kinds of foods you preferred because of a lack of resources?
B9: 3- Non-payment or delay in payment of wages | M9: 1- White arabic bread | U9: pack (1.5 Kg)
B10: 4- Cut-off or decrease in remittances
B11: 5- Increase in prices of food or other necessities | M11: 2- Lebneh | U11: 500 gms | X11: 1- Yes | AB11: 2- No
B12: 6- Increase in cost of housing (rent) | W12: =W8+1 -> 3 | X12: Did you or any household member have to eat a limited variety of foods due to a lack of resources?
B13: 7- Forced eviction or loss of assets | M13: 3- Fresh cow meat (kafta…) | U13: Kg
B14: 8- Involuntary breakup of family | X14: 1- Yes | AB14: 2- No
B15: 9- Serious illness or injury to a household member (including yourself) | M15: 4- Eggs | U15: Pack of 30 | W15: =W12+1 -> 4 | X15: Did you or any household member have to eat some foods that you really did not want to eat because of a lack of resources to obtain other types of food?
B16: 10- Death of a household member
B17: 11- Loss of livestock, crops, or other agricultural assets | M17: 5- Sugar | U17: Kg
B18: 12- Reduced or suspended assistance | X18: 1- Yes | AB18: 2- No
M19: 6- Tomato | U19: Kg | W19: =W15+1 -> 5 | X19: Did you or any household member have to eat a smaller meal than you felt you needed because there was not enough food?
A21: =A3+1 -> 2 | B21: Enumerator: did the respondent experience any shocks? | M21: 7- Cucumber | U21: Kg
X22: 1- Yes | AB22: 2- No
B23: 1- Yes | M23: 8- Grapes | U23: Kg
B24: 2-No | C24: ► | D24: =L3 -> 1 | W24: =W19+1 -> 6 | X24: Did you or any household member have to eat fewer meals in a day because there was not enough food?
M25: 9- Soft drinks | U25: Number bottles (litre)
A26: =A21+1 -> 3 | B26: How did your household respond to these shocks?
B27: Up to 3 responses | X27: 1- Yes | AB27: 2- No
B28: 1- Depended on cash or in-kind assistance from others | M28: 10- Bottled water | U28: Number bottles (litre) | W28: =W24+1 -> 7 | X28: Was there ever no food to eat of any kind in your household because of lack of resources to get food?
B29: 2- Relied on own savings
B30: 3- Reduced food stocks or purchases | X30: 1- Yes | AB30: 2- No
B31: 4- Reduced expenditures on health/education | W31: =W28+1 -> 8 | X31: Did you or any household member go to sleep at night hungry because there was not enough food?
B32: 5- Employed HH members took on more work or HH members who were not previously working began to work | L32: H2 | M32: Compared to September 2010, is […] more affordable, less affordable, or about the same?
X33: 1- Yes | AB33: 2- No
B34: 6- HH members (inc. children) migrated | M34: 1 | N34: Less affordable | R34: A | S34: Food | W34: =W31+1 -> 9 | X34: Did you or any household member go a whole day and night without eating anything because there was not enough food?
B35: 7- Took out loans or made purchases on credit | M35: 2 | N35: About the same | R35: B | S35: Shoes, clothes
B36: 8- Sold assets, buildings, land, crops, or livestock | M36: 3 | N36: More afforable | R36: C | S36: Rent
B37: 9- Nothing | X37: 1- Yes | AB37: 2- No
B38: 10- Other (specify)
L39: H3 | M39: How long does it take your household to get to the closest market (grocery store, butcher, etc.)?
U41: minutes
L43: H4 | M43: Is this market closer, further, or the same distance as the market you used in 2010?
M45: 1- Closer
M46: 2- Same
M47: 3- Farther

Sheet J-Health access 
A2: J- HEALTH ACCESS
A4: 1 | B4: When was the last time any current member of this household visited a hospital, health clinic, mobile clinic, doctor or pharmacist for an illness or injury? This should not include any visits by former or deceased members of the household. | L4: =A36+1 -> 6 | M4: Who runs the health care provider that you/your HH member went to? | W4: =L37+1 -> 12 | X4: Did anyone other than members of your HH help pay for this visit, including organizations, private individuals, or insurance companies?
M6: 1- Central government
M7: 2- Local municipality | X7: 1- Yes | AA7: 2- No | AB7: ► | AC7: =W20 -> 14 | AE7: 3- Don't Know | AF7: ► | AG7: =AC7 -> 14
M8: 3- UN
M9: 4- NGO/non-religious charity | W9: =W4+1 -> 13 | X9: Who else helped pay for this visit?
E10: Month | H10: year | M10: 5- Religious group or religious charity | X10: 1- Government agency
M11: 6- Privately-run | X11: 2- UN
A12: =A4+1 -> 2 | B12: Enumerator: Is this visit within the past 12 months? | M12: 7- Don't Know | X12: 3- NGO/non-religious charity
B13: 1- Yes | M13: 8- Other (specify) | X13: 4- Religious group or religious charity
B14: 2- No | D14: ► | E14: =A43 -> 15 | X14: 5- Non-HH family member
L15: =L4+1 -> 7 | M15: What mode of transit was taken on that visit? | X15: 6- Non-HH friend
M16: 1- Walk | R16: 7- Car | X16: 7- Health insurance
M17: 2- Shared cab (service) | R17: 8- Carpool | X17: 8 - Don't Know
M18: 3- Motorbike | R18: 9 - Don't Know | X18: 9- Other (specify)
A19: =A12+1 -> 3 | B19: Which household members were being treated during this visit? (Specify Roster IDs) | M19: 4- Taxi | R19: 10 - Other (specify)
M20: 5- Bus / Minivan | W20: =W9+1 -> 14 | X20: Why did you/your household choose to go to this health care provider rather than any other?
M21: 6- Ambulance
X22: Give the main reason then ► | AC22: =L42 -> 18
B23: Enumerator: Did the respondent give current household member IDs? If not, redo question. | L23: =L15+1 -> 8 | M23: How long did it take to get there (one-way)? (99 for Don't Know) | X23: 1- Usual provider/family doctor
U24: [minutes] | X24: 2- Cheaper
X25: 3- Only they offer the treatment I needed/Only option
A26: =A19+1 -> 4 | B26: What was the main reason for this visit? | L26: =L23+1 -> 9 | M26: How much did it cost you/your HH to get there (one-way), including bus fare, cab fare, petrol, etc.? | X26: 4- Closer
S27: Thousand Lebanese Pounds | X27: 5- Political/sectarian/confessional reasons
B28: 1- Pregnancy/ delivery | G28: 7- Hypertension | S28: (write zero in case of carpooling or walking, 99 in case of Don't Know) | X28: 6- References/recommended by friends or relatives
B29: 2- Diarrhea | G29: 8- Diabetes | X29: 7- Others are too crowded
B30: 3- Cough | G30: 9- Vaccinations | X30: 8- Refused by other providers
B31: 4- Difficulty breathing | G31: 10- To get medication | L31: =L26+1 -> 10 | M31: What was the out-of-pocket cost of consultation (doctors' fees) and diagnostics (x-rays, blood tests, etc.) of this visit? | X31: 9 - Don't Know
B32: 5- Chest pain | G32: 11- Cold / Flu | S32: Thousand Lebanese Pounds | X32: 10 - Other (specify)
B33: 6- Injury | G33: 12- Don't Know | S33: (write zero in case of carpooling or walking, 99 in case of Don't Know)
G34: 13- Other, specify
A36: =A26+1 -> 5 | B36: What kind of health care provider did you/the HH member go to?
L37: =L31+1 -> 11 | M37: In this visit, were you prescribed medication that you did not purchase because it was too expensive? | T37: 1- Yes
B38: 1- Hospital | F38: 4- Doctor in private clinic | T38: 2- No
B39: 2- Health clinic/PHC | F39: 5- Pharmacist | T39: 3 - Don't Know
B40: 3- Mobile clinic | F40: 6- Other, specify | L40: Think about your access to health care in 2010, wherever you might have lived at that time
A41: Reminder: Only those who answered "No" to | I41: =A12 -> 2
A42: answer questions | E42: =A43 -> 15 | F42: =A63 -> 16 | G42: =A68 -> 17 | L42: =A68+1 -> 18 | M42: Compared to 2010, how has your current overall access to health care improved?
A43: =W20+1 -> 15 | B43: Why hasn't any household member gone to a hospital or health clinic in the last 12 months? | W43: =L65+1 -> 21 | X43: What do you think caused it to worsen?
X44: The main reason
M45: Up to 3 responses | X45: 1- You moved to a new location
B46: Up to 3 responses | M46: 1- No improvement | Q46: ► | R46: =L65 -> 20 | X46: 2- Service providers shut down
B47: 1- No illness/was not asked to accompany anyone | M47: 2- Easier to reach | X47: 3- Infrastructure of existing service provider deteriorated
B48: 2- Doctor's fees too expensive | M48: 3- Less crowded | X48: 4- Existing service provider cut staff or replaced staff members with less-qualified members
B49: 3- Medicine too expensive | M49: 4- Safer
B50: 4- Low quality service | M50: 5- Better treatment by staff | X50: 5- More tension or conflict between users
B51: 5- Difficult to reach | M51: 6- Better treatment by other users | X51: 6- Lost health coverage/insurance
B52: 6- Overcrowded | M52: 7- Service became more affordable | X52: 7- Arrival of refugees
B53: 7- Unsafe | M53: 8- Don't know, have not used health services | S53: ► | T53: =R46 -> 20 | X53: 8- Other (specify)
B54: 8- Treated poorly or made uncomfortable by service providers /discrimination | M54: 9- Other (specify)
B56: 9- Treated poorly or made uncomfortable by other users of the service/discrimination | L56: =L42+1 -> 19 | M56: What do you think caused the improvements?
M57: The main reason
B58: 10- Didn't know where to go | M58: 1- You moved to a new location
B59: 11- No insurance | M59: 2- A new service provider opened
B60: 12- Refused service by health care providers | M60: 3- Existing service provider got new/upgraded infrastructure
B61: 13- Other (specify) | M61: 4- Existing service provider got more/better trained staff
M62: 5- Less tension or conflict between users
A63: =A43+1 -> 16 | B63: Do you know where to find any hospitals or health clinics in this area? | M63: 6- Newly acquired health coverage/insurance
M64: 7- Other (specify)
B65: 1- Yes | D65: ► | E65: =L42 -> 18 | L65: =L56+1 -> 20 | M65: Compared to 2010, how has your current overall access to health worsened?
B66: 2- No
A68: =A63+1 -> 17 | B68: If you or a HH member had a serious illness or injury that required a hospital or health clinic, how would you go about looking for one? | M68: Up to 3 responses
M69: 1- No worsening | S69: ► | T69: ='K- School access'!A5 -> 1
M70: 2- Harder to reach
B71: Up to 3 responses | M71: 3- More crowded
B72: 1- Look in newspaper | G72: 6- Ask friend/neighbor | M72: 4- Less safe
B73: 2- Listen to radio | G73: 7- Ask UN official | M73: 5- Treated worse by staff
B74: 3- Ask religious leader | G74: 8- Ask other NGO official | M74: 6- Treated worse by other users
B75: 4- Ask family member | G75: 9- Ask community volunteer | M75: 7- Service became less affordable
B76: 5- Ask government official | G76: 10- Other (specify) | M76: 8- Don't know, have not used health services | S76: ► | T76: =T69 -> 1
M77: 9- Other (specify)

Sheet K- School access
A1: MAIN RESPONDENT (ON BEHALF OF RANDOMLY SELECTED CHILD BETWEEN THE AGES OF 3 AND 18) | Z1: Roster ID of Selected Child
A3: K- School access
A5: 1 | B5: Who is this child's primary caretaker (Person who takes care of child's daily needs such as bathing, feeding, helping)?
L6: =A12+1 -> 4 | M6: During the previous schoolyear, that is 2014-2015, did this child attend school/preschool at any time? | W6: =L29+1 -> 9 | X6: Why did this child attend fewer than 5 days of school in the last week?
F7: [Roster ID]
A8: =A5+1 -> 2 | B8: Has this child ever attended school or pre-school? | X8: 1- School holiday last week
B9: 1- Yes | D9: ► | E9: =L6 -> 4 | M9: 1- Yes | X9: 2- Child was ill
B10: 2- No, but can read and write | M10: 2- No | O10: ► | P10: =L18 -> 6 | X10: 3- Roads were closed or transport was otherwise difficult
B11: 3- No, can't read and write | X11: 4- Needed to work to support family
A12: =A8+1 -> 3 | B12: What is the main reason this child never attended school? | L12: =L6+1 -> 5 | M12: How much did you/the HH pay for education for this child last school year, including tuition, books, supplies, school uniforms, transport, private tuition, etc.)? | X12: 5- Needed to take care of family member
T13: Thousand Lebanese Pounds | X13: 6- Teacher did not come
B14: Answer the question and ► | G14: Selection of random respondent | X14: 7- Security concerns
B15: 1- No easily accessible school in the neighborhood | X15: 8- Standard schedule is less than 5 days per week
B16: 2- Teaching is of poor quality | X16: 9- Other (specify)
B17: 3- School time is not flexible
B18: 4- Mistreatment by the instructor or other students | L18: =L12+1 -> 6 | M18: During the current school year, that is 2015-2016, did this child attend school or preschool at any time? | W18: =W6+1 -> 10 | X18: What mode of transit does this child usually use to get to school?
B19: 5- Has to work to support the family
B20: 6- HH could not afford school’s expenses | X20: 1- Walk | AC20: 6- Minibus
B21: 7- Household thought that education is not useful to get a better job | M21: 1- Yes | X21: 2- Shared cab (service) | AC21: 7- Car
M22: 2- No | O22: ► | P22: =L40 -> 16 | X22: 3- Motorbike | AC22: 8- Carpool
B23: 8- Going to school is hazardous | X23: 4- Taxi | AC23: 9- Other (specify)
B24: 9- Social reasons: family disapproves / does not think child needs to study | X24: 5- Bus
L25: =L18+1 -> 7 | M25: Did this child attend school anytime in the past month?
B26: 10- Early marriage | W26: =W18+1 -> 11 | X26: How long does it usually take for this child to get to school (one-way)?
B27: 11- Sickness or disability | M27: 1- Yes | Q27: 2- No | S27: ► | T27: =W18 -> 10 | AF27: [minutes]
B28: 12- Still too young
B29: 13- Not interested in going to school | L29: =L25+1 -> 8 | M29: How many days of the last week did the child attend any school?
B30: 14- Helping in house chores
B31: 15- Parents do not understand how to enroll | M31: if 0-4 days ► Next | O31: =W6 -> 9 | R31: if 5 days + ► | U31: =W18 -> 10
B32: 16- Schools were full and not accepting new students
B33: 17- Teachers frequently absent
B34: 18- Schools are mixed gender
B35: 19- Does not understand language of instruction
B36: 20- It costs too much to get to school
B37: 21- Other (specify)
A40: =W26+1 -> 12 | B40: Who runs the school that child attended on their most recent trip to school? | L40: =A64+1 -> 16 | M40: What is the main reason this child hasn't been attending school? | W40: =L67+1 -> 18 | X40: What is the main reason why this child did not attend school at that time?
B42: 1- Public school (ministry of education) | M42: 1- No easily accessible school in my neighborhood | X42: 1- No easily accessible school in my neighborhood
B43: 2- UN agency (including UNRWA) | M43: 2- Teaching is of poor quality | X43: 2- Teaching is of poor quality
B44: 3- NGO/non-religious charity | M44: 3- School time is not flexible | X44: 3- School time is not flexible
B45: 4- Religious group/charity | M45: 4- Mistreatment by the instructor or other students | X45: 4- Mistreatment by the instructor or other students
B46: 5- Private school | M46: 5- Has to work to support family | X46: 5- Has to work to support family
B47: 6- Semi/free-private (subsidized school) | M47: 6- Helping in house chores | X47: 6- Helping in house chores
B48: 7- Don't know | M48: 7- It costs too much to get to school | X48: 7- It costs too much to get to school
B49: 8- Other (specify) | M49: 8- HH could not afford school’s expenses | X49: 8- HH could not afford school’s expenses
M50: 9- Social reasons: Family disapproves | X50: 9- Social reasons: Family disapproves
A51: =A40+1 -> 13 | B51: Does this child's school have two shifts to accomodate refugee students? | M51: 10- Early marriage | X51: 10- Early marriage
M52: 11- Sickness or disability | X52: 11- Sickness or disability
M53: 12- Going to school is hazardous | X53: 12- Going to school is hazardous
B54: 1- Yes | M54: 13- Not interested in going to school | X54: 13- Not interested in going to school
B55: 2- No | M55: 14- Still too young | R55: Selection of random respondent | X55: 14- Still too young /wasn't born
B56: 3- Don't Know | M56: 15- Parents do not understand how to enroll | X56: 15- Parents do not understand how to enroll
M57: 16- Schools are full and not accepting new students | X57: 16- Schools are full and not accepting new students
A58: =A51+1 -> 14 | B58: Does this child have students from the "other" community (Syrian refugees/host community) in their classroom? | M58: 17- Teachers frequently absent | X58: 17- Teachers frequently absent
M59: 18- Schools are mixed gender | X59: 18- Schools are mixed gender
B60: 1- Yes | M60: 19- Does not understand language of instruction | X60: 19- Does not understand language of instruction
B61: 2- No | M61: 20- Curriculum doesn't match previous schooling | X61: 20- Curriculum doesn't match previous schooling
B62: 3 -Don't Know | M62: 21- Arrived too late to join this school year | X62: 21- Arrived too late to join this school year
M63: 22- Household thought that education is not useful to get a better job | X63: 22- Household thought that education is not useful to get a better job
A64: =A58+1 -> 15 | B64: Why did you choose this school? | X64: 23- Other, specify
B65: 1- Closest | M65: 23- School year hasn't started
B66: 2- Best school | M66: 24- Other, specify
B67: 3- Cheapest | L67: =L40+1 -> 17 | M67: During the 2010-2011 school year, did this child attend school or preschool at any time? | X67: Answer the question and ► | AB67: Selection of random respondent
B68: 4- No other school accepted my child
B69: 5- Confessional | M69: 1- Yes | O69: ► | P69: =A76 -> 19
B70: 6- Other (specify) | M70: 2- No
B71: Answer the question and ► | F71: =L67 -> 17
A74: Think about this child's access to education in 2010, wherever they might have lived at that time
L75: =A101+1 -> 22 | M75: What do you think caused it to worsen?
A76: =W40+1 -> 19 | B76: Compared to 2010, how has this child's education improved? | M76: 1- You moved to a new location/new school
M77: 2- A school shut down
M78: 3- Infrastructure of existing school deteriorated
B79: Up to 3 responses | M79: 4- Existing school cut staff or replaced staff members with less-qualified members
B80: 1- No improvement | F80: ► | G80: =A101 -> 21
B81: 2- Easier to reach | M81: 5- More tension or conflict between communities
B82: 3- Less crowded | M82: 6- Child is attending new level of schooling
B83: 4- Safer | M83: 7- Family income decreased/child can no longer afford to go to school
B84: 5- Better treatment by teachers
B85: 6- Better treatment by other children/less bullying | M85: 8 - Arrival of Refugees
B86: 7- School became cheaper | M86: 9- Other (specify)
B87: 8- Quality has improved
B88: 9- Other (specify)
A90: =A76+1 -> 20 | B90: What do you think caused the improvements?
B91: 1- You moved to a new location
B92: 2- A new school opened
B93: 3- Existing school got new / upgraded infrastructure
B94: 4- Existing school got more/better trained staff
B95: 5- Less tension or conflict between communities
B96: 6- Child is attending new level of schooling
B97: 7- Family income increased / child can now afford to go to school
B98: 8- Other (specify)
A101: =A90+1 -> 21 | B101: Compared to 2010, how has this child's education worsened?
B104: Up to 3 responses
B105: 1- No worsening | F105: ► | G105: Selection of random respondent
B106: 2- Harder to reach
B107: 3- More crowded
B108: 4- Less safe
B109: 5- Treated worse by teachers
B110: 6- Treated worse by other students
B111: 7- School became less affordable
B112: 8- Topics taught in foreign language
...

Sheet L- Movements
A1: RANDOMLY SELECTED INDIVIDUAL (BETWEEN THE AGES OF 15 AND 64) WHO ANSWERS SECTIONS L THROUGH W | X1: Roster ID of Random Respondent 1
A3: TIME STARTED: | H3: :
A4: L- Movements
V5: =A37+1 -> 9 | W5: How many people (excl. household members) did you know in your current neighborhood before moving to your current dwelling?
A6: 1 | B6: What year did you move to your current dwelling? (In case they left this dwelling and moved back, record the most recent move. Do not include vacation or trips home for the summer as moves.)
W7: 1- 0
W8: 2- 1-5
A9: =A6+1 -> 2 | B9: Enumerator: Has the respondent moved at all since September 2010? (If the respondent moved in 2010, ask which month they moved) | W9: 3- 6-10
W10: 4- 11-20
B11: 1- Yes | N11: 2- No | O11: ► | P11: =V12 -> 10 | W11: 5- More than 20
A12: =A9+1 -> 3 | B12: Where were you living in September 2010 (district, governorate, and country)? | V12: =V5+1 -> 10 | W12: Do you have firm plans to change your residence from your current location within the next six months?
B13: a-District: | S13: a
B14: b- Governorate: | S14: b
B15: c- Country: | S15: c | W15: 1- Yes, I am moving on a specific date
W16: 2- Yes, I have looked for other residences
A17: =A12+1 -> 4 | B17: What year did you move to this dwelling? | W17: 3- Yes, but I have not started looking for other residences
W18: 4- No, I do not have plans to change residences | AE18: ► | AF18: =V38 -> 13
B19: Think about all the times you have moved since September 2010. This includes every time you moved into a new primary dwelling, even if your new dwelling was in the same town as your old one (but not if you went on vacation or home for the summer).
V20: =V12+1 -> 11 | W20: Where are you planning to go (country, governorate and district)? | AE20: a | AF20: b | AG20: c
B21: For each move, starting with your first move since 2010…
W22: a-District: | Z22: b- Governorate: | AD22: c- Country:
A23: Move ID | B23: =A17+1 -> 5 | F23: =B23+1 -> 6 | N23: =F23+1 -> 7
B24: When did that move take place? | F24: Where did you move from? | N24: Where did you move to?
V25: =V20+1 -> 12 | W25: Why are you planning to leave?
N26: if not last move ► next move | W26: 1- I or a member of my household got a job/started a business somewhere else or going to look for work
F27: First location should match location in | M27: =A12 -> 3 | N27: if last move ► | Q27: =A37 -> 8
B28: [month/year] | F28: a-District: | I28: b- Governorate: | L28: c- Country: | N28: a-District: | Q28: b- Governorate: | T28: c- Country: | W28: 2- Educational reasons: I am going to begin school or am about to finish school
A29: 1 | W29: 3- Marital reasons: I am getting married or divorced
A30: 2 | W30: 4- I am going to join my relatives
A31: 3 | W31: 5- Cost of living/rent here is too high
A32: 4 | W32: 6- Area here is too dangerous
A33: 5 | W33: 7- Threat of eviction from formal/informal armed forces
A34: 6 | W34: 8- Threat of eviction from landlord
A35: etc. | W35: 9- Threat of eviction from municipality or local government
W36: 10- Want to move to a bigger/better home
A37: =N23+1 -> 8 | B37: Why did you make that last move (to your current dwelling)? | W37: 11- Other (specify)
B38: 1- I or a member of my household got a job/started a business here, or came here looking for work | V38: =V25+1 -> 13 | W38: Have you taken any concrete steps towards moving to the US or Europe? For instance, have you looked for a job, looked into the prices, contacted an agent, called the embassy, or contacted family or friends about moving?
B39: 2-Educational reasons: I began school here or finished school where I lived before
B40: 3- Marital reasons: I got married or divorced
B41: 4- I joined my relatives/friends here | W41: 1- Yes | Y41: ► | Z41: =V53 -> 15 | AC41: 2- No
B42: 5- Cost of living/rent in previous dwelling was too high
B43: 6- Area in previous dwelling was too dangerous | V43: =V38+1 -> 14 | W43: Why not?
B44: 7- Evicted from previous dwelling by formal/informal armed forces | W44: 1- I don't want to
B45: 8- Evicted from previous dwelling by landlord | W45: 2- Too costly
B46: 9- Evicted from previous dwelling by municipality or local government | W46: 3- Trip is too dangerous
B47: 10-Other areas were blocked/borders were closed | W47: 4- I don't know anyone there
B48: 11- Bigger/better home | W48: 5 - I don't know what life would be like there
B49: 12- Other (specify) | W49: 6- I don't know how
W50: 7- Other, specify
W51: Answer the question and ► | AA51: M1
V53: =V43+1 -> 15 | W53: What steps have you taken toward moving?
W54: 1- Applied for asylum/resettlement
W55: 2- Applied for a visa
W56: 3- Contacted an informal agent to help me cross borders
W57: 4- Contacted family/friends abroad for help
W58: 5- Applied for school/university
W59: 6- Other, specify

Sheet M-N-O-P
A1: RANDOMLY SELECTED ADULT
A2: M- Current labor screener | L2: N- Current unemployment
L3: ASK THIS SECTION IF DIRECTED BY MODULE M | W3: =L31+1 -> 5 | X3: Which of the following methods have you used to search for work or find a job? | AH3: =W22+1 -> 7 | AI3: What do you think is your biggest impediment to finding a job?
A4: 1 | B4: During the past 7 days, have you worked for at least one hour? By "work" we mean any activities you undertook for remuneration, including working for wages or in-kind, running a business, or working on a farm or with livestock.
L5: 1 | M5: Are you interested in having a job or starting your own business? | X5: Multiple answers allowed | AH5: 1- Too many people searching for jobs
AH6: 2- Underqualified for available jobs
M7: 1- Yes | O7: ► | P7: =L26 -> 3 | R7: 2- No | W7: 1- Contacted public employment office | AH7: 3- Legal issues
W8: 2- Contacted commercial employment office | AH8: 4- Available jobs are too far away
L9: =L5+1 -> 2 | M9: Why aren't you interested in having a job or starting your own business? | W9: 3- Placed/answered job advertisements in newspapers | AH9: 5- Discrimination by employers
B10: 1- Yes | D10: ► | E10: =A18 -> 3 | G10: 2- No | W10: 4- Asked friends, relatives or other personal connections | AH10: 6- No jobs available that are suitable for education
M11: Answer the question and ► | R11: ='Q-R-S-T'!A5 -> 1 | W11: 5- Contacted employer directly | AH11: 7- Lack of personal or political connections
A12: =A4+1 -> 2 | B12: During the past 7 days, did you have a job that you were temporarily absent from, for example because of vacation or sickness? | M12: 1- Too young | W12: 6- Tried to find land, workplace, equipment, financial resources/credit to start own business, applied for relevant licenses, permits, etc | AH12: 8- Don't have enough time to look for work
M13: 2- Fulltime student | AH13: 9- Wages are too low
M14: 3- Social reasons (family doesn't let me work) | AH14: 10- Overqualified for available jobs
M15: 4- Disability or chronic illness | W15: 7- Sought to obtain working permit | AH15: 11- Harassment or discrimination (other than by employers)
B16: 1- Yes | G16: 2- No | I16: ► | J16: =L5 -> 1 | M16: 5- Retired | W16: 8- Went door to door looking for employment | AH16: 12- Jobs are too dangerous
M17: 6- Housewife | W17: 9- Contacted cash-for-work program | AH17: 13- Disability or chronic illness
A18: =A12+1 -> 3 | B18: Think about your main job for the last 7 days; that is, the job that you spent the most time working at. How many hours did you spend working at that job over the last 7 days? | M18: 7- Don't want to work | W18: 10- Contacted an NGO | AH18: 14- Other (specify)
J19: [hours] | M19: 8- Discrimination | W19: 11- Contacted local authorities or municipal government | AH19: Answer the question then ► | AL19: ='Q-R-S-T'!A5 -> 1
M20: 9- No good jobs available | W20: 12 - Searched online job sites
M21: 10- Don't plan on staying in this area for very long | W21: 13- Other (specify) | AH21: =AH3+1 -> 8 | AI21: During the past 30 days, have you worked for at least one hour? By "work" we mean any activities you undertook for remuneration, including working for wages or in-kind, running a business, or working on a farm or with livestock.
M22: 11- Local security situation | W22: =W3+1 -> 6 | X22: What is your main source of information for employment opportunities?
A23: =A18+1 -> 4 | B23: Did you work at any other jobs besides your main job during the last 7 days? | M23: 12- Discouragement
M24: 13 - Don't have the right papers | W24: 1- Job ads in print media
B25: 1- Yes | G25: 2- No | M25: 14- Other (specify) | W25: 2- Job ads on radio or TV
L26: =L9+1 -> 3 | M26: Have you actively searched for a job or attempted to set up your own business within the last year? | W26: 3- Job ads on the internet/SMS
A27: =A23+1 -> 5 | B27: Which of the following statements best describes your main job: | W27: 4- Public employment agency | AI27: 1- Yes | AN27: 2- No | AQ27: ► | AR27: ='Q-R-S-T'!A5 -> 1
W28: 5- Private employment agency
B29: Read statements | M29: 1- Yes | R29: 2- No | T29: ► | U29: =AH21 -> 8 | W29: 6- Family relations | AH29: =AH21+1 -> 9 | AI29: Which of the following statements best describes your main job:
B30: 1- I work for wages or payment (either in cash or in kind) for a company, the government or any other individual. | J30: ► | K30: =A42 -> 1 | W30: 7- Friends
L31: =L26+1 -> 4 | M31: When was the last time you actively searched for a job or attempted to set up your own business? | W31: 8- Political connections | AI31: Read statements
W32: 9- NGO | AI32: 1- I work for wages or payment (either in cash or in kind) for a company, the government or any other individual. | AQ32: ► | AR32: =A42 -> 1
B33: 2- I do not work for wages, but rather work on my account or in a business enterprise or farm belonging to me or someone else in my household, for example, as a farmer, trader, shop-keeper, barber, dressmaker, carpenter or taxi driver | J33: ► | K33: =A87 -> 1 | M33: 1- 7 days or less | W33: 10- Door-to-door searches
M34: 2- Between 7 and 30 days | W34: 11- Local authorities or municipal government
M35: 3- Between 1 and 6 months | W35: 12- Don't have any sources of information | AI35: 2- I do not work for wages, but rather work on my account or in a business enterprise or farm belonging to me or someone else in my household, for example, as a farmer, trader, shop-keeper, barber, dressmaker, carpenter or taxi driver | AQ35: ► | AR35: =A87 -> 1
M36: 4- More than 6 months | W36: 13-Other (specify)
A40: O- Current wage job
A41: ASK THIS SECTION IF DIRECTED BY MODULE M | AH41: =W71+1 -> 25 | AI41: How satisfied are you with your job security today compared to 2013?
A42: 1 | B42: What industry do you work in? | L42: =A77+1 -> 10 | M42: Does your work provide social insurance or health insurance? | W42: =L75+1 -> 18 | X42: How did you find this job?
B43: [ISICV.4 code] 2 digits | X43: 1- Asked close relative or HH member | AI43: 1- More satisfied today
M44: 1- Yes: NSSF insurance only | X44: 2- Asked distant relative | AI44: 2- More satisfied in 2013
M45: 2- Yes: private insurance only | X45: 3- Asked friend | AI45: 3- No difference
A46: =A42+1 -> 2 | B46: What is your profession? | M46: 3- Yes: both NSSF and private | X46: 4- Asked friend of friend or relative
B47: [ISCO08 code] 2 digits | M47: 4- No | X47: 5- Asked member of same community | AH47: =AH41+1 -> 26 | AI47: How satisfied are you with your earnings today compared to 2013?
L48: =L42+1 -> 11 | M48: Do you receive a regular paycheck from this job? | X48: 6- Asked politician or political party
X49: 7- Applied at employment office | AI49: 1 - More satisfied today
A50: =A46+1 -> 3 | B50: What kind of organization do you work for? | M50: 1- Yes | R50: 2- No | T50: ► | U50: =L60 -> 14 | X50: 8- Responded to ad in newspaper | AI50: 2 - More satisfied in 2013
B51: 1- Private sector | L51: =L48+1 -> 12 | M51: How often do you get paid? | X51: 9- Applied directly to the firm | AI51: 3 - No difference
B52: 2- NGO or international organization | M52: 1- Hourly | P52: 5- Monthly | X52: 10- Other (specify)
B53: 3- Public sector (non-military) | I53: ► | J53: =A61 -> 5 | M53: 2- Daily | P53: 6- Quarterly | W53: =W42+1 -> 19 | X53: Are you satisfied with the job security in this job? | AH53: =AH47+1 -> 27 | AI53: How do your hours worked today compare to the hours you worked in 2013?
B54: 4- Army | I54: ► | J54: =A61 -> 5 | M54: 3- Weekly | P54: 7- Other (specify) | X54: 1- Yes | AC54: 2- No
M55: 4- Bi-monthly | W55: =W53+1 -> 20 | X55: Are you satisfied with the earnings in this job? | AI55: 1 - More hours today
A56: =A50+1 -> 4 | B56: How many people work at this branch? | L56: =L51+1 -> 13 | M56: How much did you earn during the last pay period (excluding bonuses and benefits)? | AI56: 2 - More hours in 2013
B57: Including self and employer | T57: Thousand LBP | X57: 1- Yes | AC57: 2- No | AI57: 3 - No difference
B58: 1- Fewer than 5 | F58: 3- [10-19] | M58: Refused to Answer: 98
B59: 2- [5-9] | F59: 4- 20 or more | W59: =W55+1 -> 21 | X59: Are you satisfied with the hours you work in this job? | AH59: =AH53+1 -> 28 | AI59: Enumerator: did the respondent begin working at this job in 2010 or before?
L60: =L56+1 -> 14 | M60: What was your total cash income from this job over the past month?
A61: =A56+1 -> 5 | B61: How do you typically commute to this job? | T61: Thousand LBP | X61: 1- Yes | AC61: 2- No | AI61: 1- Yes | AN61: 2- No | AP61: ► | AQ61: ='Q-R-S-T'!A54 -> 11
B62: 1- Walk | F62: 6- Minibus | M62: Refused to Answer: 98
B63: 2- Shared cab (service) | F63: 7- Car | W63: =W59+1 -> 22 | X63: When did you start this job? | AH63: =AH59+1 -> 29 | AI63: What was your total cash income from this job during a typical month in 2010?
B64: 3- Motorbike | F64: 8- Carpool | L64: =L60+1 -> 15 | M64: Do you receive any non-monetary compensation for this job, such as housing or food?
B65: 4- Taxi | F65: 9- I live at my work place | J65: ► | K65: =A71 -> 7 | AA65: month | AD65: year | AI65: Refused to Answer: 98 | AO65: 1 - Thousand LBP
B66: 5- Bus | F66: 10- Other (specify) | M66: 1- Yes | R66: 2- No | T66: ► | U66: =L75 -> 17 | AI66: Amount | AM66: Currency | AO66: 2 - Thousand SYP
L67: =L64+1 -> 16 | M67: What kind of non-monetary compensation? | W67: =W63+1 -> 23 | X67: Enumerator: did the respondent begin working at this job in 2013 or before? | AO67: 3 - USD
A68: =A61+1 -> 6 | B68: How long does it take you to get to this job on a typical day (one-way)? | M68: Multiple answers allowed
J69: [minutes] | M69: 1- Food | P69: 6- Travel | X69: 1- Yes | AC69: 2- No | AE69: ► | AF69: ='Q-R-S-T'!A5 -> 1
M70: 2- Housing | P70: 7- Other (specify)
A71: =A68+1 -> 7 | B71: Do you have a written contract? | M71: 3- Mobile phone | W71: =W67+1 -> 24 | X71: What was your total cash income from this job during a typical month in 2013? | AH71: =AH63+1 -> 30 | AI71: How satisfied are you with your job security today compared to 2010?
B72: 1- Yes | G72: 2- No | I72: ► | J72: =L42 -> 10 | M72: 4- Work car
M73: 5- Insurance | X73: Refused to Answer: 98 | AD73: 1 - Thousand LBP | AI73: 1- More satisfied today
A74: =A71+1 -> 8 | B74: Is your contract fixed-term or open-ended? | X74: Amount | AB74: Currency | AD74: 2 - Thousand SYP | AI74: 2- More satisfied in 2010
B75: 1- Fixed-term | F75: 2- Open-ended | I75: ► | J75: =L42 -> 10 | L75: =L67+1 -> 17 | M75: What was your relationship with your employer prior to starting work? | AD75: 3 - USD | AI75: 3- No difference
A77: =A74+1 -> 9 | B77: What is the duration of your contract? | M77: 1- No relationship | AH77: =AH71+1 -> 31 | AI77: How satisfied are you with your earnings today compared to 2010?
J78: [months] | M78: 2- Member of my household
M79: 3- Close relative | AI79: 1 - More satisfied today
M80: 4- Distant relative | AI80: 2 - More satisfied in 2010
M81: 5- Friend | AI81: 3 - No difference
M82: 6- Friend of friend or relative
M83: 7- Other (specify) | AH83: =AH77+1 -> 32 | AI83: How do your hours worked today compare to the hours you worked in 2010?
A85: P- Current HH enterprise job | AI85: 1 - More hours today
A86: ASK THIS SECTION IF DIRECTED BY MODULE M | L86: =A120+1 -> 10 | M86: When was this enterprise founded? | W86: =L120+1 -> 18 | X86: How many members of your household, including yourself, worked at this enterprise during 2010? | AI86: 2 - More hours in 2010
A87: 1 | B87: What industry do you work in? | AF87: [number] | AI87: 3 - No difference
B88: [ISICV.4 code] 2 digits | P88: month | S88: year
AH89: Answer the question then ► | AM89: ='U-V-W'!A4 -> 1
L90: =L86+1 -> 11 | M90: How do you rate the stability of this activity/enterprise? | W90: =W86+1 -> 19 | X90: How many people who are not members of your household worked at this enterprise during 2010? (Record 0 if none)
A91: =A87+1 -> 2 | B91: What is your profession? | AF91: [number]
B92: [ISCO08 code] 2 digits | M92: 1- Very stable
M93: 2- Moderately stable
M94: 3- Unstable | W94: =W90+1 -> 20 | X94: How do you compare the stability of your activity/enterprise today with your activity/enterprise in 2010?
A95: =A91+1 -> 3 | B95: Are you an owner of this enterprise?
B96: 1- Yes | G96: 2- No | I96: ► | J96: =A101 -> 5 | L96: =L90+1 -> 12 | M96: When did you start working at this enterprise? | X96: 1- More stable today
X97: 2- More stable in 2010
A98: =A95+1 -> 4 | B98: Is your enterprise registered in the commercial register/MoF? | P98: month | S98: year | X98: 3- No difference
B99: 1- Yes | G99: 2- No
L100: =L96+1 -> 13 | M100: Enumerator: did the respondent begin working at this enterprise in 2013 or before? | W100: =W94+1 -> 21 | X100: How satisfied are you with your earnings today compared to 2010?
A101: =A98+1 -> 5 | B101: Are any of your business partners or employees members of the "other" community (Syrian refugee/host community)?
M102: 1- Yes | R102: 2- No | T102: ► | U102: ='Q-R-S-T'!A5 -> 1 | X102: 1 - More satisfied today
X103: 2 - More satisfied in 2010
B104: 1- Yes | G104: 2- No | L104: =L100+1 -> 14 | M104: How do you compare the stability of your activity/enterprise today with your activity/enterprise in 2013? | X104: 3 - No difference
M106: 1- More stable today
...

Sheet Q-R-S-T
A1: RANDOMLY SELECTED ADULT
A2: Q- Retro labor screener | L2: R- Retro wage job
A3: Ask this section if directed by modules M-N-O-P | L3: ASK THIS SECTION IF DIRECTED BY MODULE Q
M4: In your main job in 2010: | W4: =L41+1 -> 10 | X4: How satisfied are you with your job security today compared to 2010?
A5: 1 | B5: What was your work status in 2013? | L5: 1 | M5: What industry do you work in?
B6: 1- employed | M6: [ISICV.4 code] 2 digits | X6: 1- More satisfied today
B7: 2- not employed | E7: ► | F7: =A54 -> 11 | X7: 2- More satisfied in 2010
A8: =A5+1 -> 2 | B8: What industry do you work in? | L8: =L5+1 -> 2 | M8: What is your profession? | X8: 3- No difference
B9: [ISICV.4 code] 2 digits | M9: [ISCO08 code] 2 digits
W10: =W4+1 -> 11 | X10: How satisfied are you with your earnings today compared to 2010?
A11: =A8+1 -> 3 | B11: What is your profession?
B12: [ISCO08 code] 2 digits | L12: =L8+1 -> 3 | M12: What kind of organization did you work for? | X12: 1 - More satisfied today
M13: 1- Private sector | X13: 2 - More satisfied in 2010
A14: =A11+1 -> 4 | B14: Enumerator: what is the respondent's 2013 work status? | M14: 2- NGO or international organization | X14: 3 - No difference
M15: 3- Public sector (non-military)
B16: 1- wage worker | M16: 4- Army | W16: =W10+1 -> 12 | X16: How do your hours worked today compare to the hours you worked in 2010?
B17: 2- self-employed/employer | G17: ► | H17: =A38 -> 8 | L17: =L12+1 -> 4 | M17: Did you have a written contract?
M18: 1- Yes | R18: 2- No | X18: 1 - More hours today
A19: =A14+1 -> 5 | B19: What was your total cash income from this job during a typical month? | L19: =L17+1 -> 5 | M19: Did your work provide social insurance or health insurance? | X19: 2 - More hours in 2010
X20: 3 - No difference
B21: Refused to Answer: 98 | H21: 1 - Thousand LBP | M21: 1- Yes: NSSF insurance only
B22: Amount | F22: Currency | H22: 2 - Thousand SYP | M22: 2- Yes: private insurance only | W22: =W16+1 -> 13 | X22: Which activity made better use of your qualifications?
H23: 3 - USD | M23: 3- Yes: both NSSF and private | X23: 1 - Today's activity
M24: 4- No | X24: 2 - My activity in 2010
A25: =A19+1 -> 6 | B25: How satisfied are you with your job security today compared to 2013? | L25: =L19+1 -> 6 | M25: Did you receive a regular paycheck? | X25: 3 - No difference
M26: 1- Yes | R26: 2- No | T26: ► | U26: =L41 -> 9 | W26: =W22+1 -> 14 | X26: When did you leave this job?
B27: 1- More satisfied today
B28: 2- More satisfied in 2013 | L28: =L25+1 -> 7 | M28: How often did you get paid? | AA28: month | AD28: year
B29: 3- No difference | W29: =W26+1 -> 15 | X29: Why did you leave this job?
M30: 1- Hourly | Q30: 5- Monthly | X30: 1- Fired or dismissed
A31: =A25+1 -> 7 | B31: How do your hours worked today compare to the hours you worked in 2013? | M31: 2- Daily | Q31: 6- Quarterly | X31: 2- Found a better job
M32: 3- Weekly | Q32: 7- Other (specify) | X32: 3- Pay was too low
B33: Answer the question then ► | G33: =A43 -> 9 | M33: 4- Bi-monthly | X33: 4- Moved further away
B34: 1 - More hours today | L34: =L28+1 -> 8 | M34: How much did you earn during a typical pay period in 2010 (excluding bonuses and benefits)? | X34: 5- Bad experience on the job
B35: 2 - More hours in 2013 | X35: 6- Contract ended
B36: 3 - No difference | X36: 7- Season ended
M37: Refused to Answer: 98 | S37: 1 - Thousand LBP | X37: 8- Needed to take care of family members
A38: =A31+1 -> 8 | B38: How do you compare the stability of your activity/enterprise today with your activity/enterprise in 2013? | M38: Amount | Q38: Currency | S38: 2 - Thousand SYP | X38: 9- Business shut down
B39: 1- More stable today | S39: 3 - USD | X39: 10- Security reasons
B40: 2- More stable in 2013 | X40: 11- Sickness or injury
B41: 3- No difference | L41: =L34+1 -> 9 | M41: What was your total cash income from this job/enterprise during a typical month? | X41: 12- Retirement
X42: 13- Did not need to work anymore
A43: =A38+1 -> 9 | B43: How satisfied are you with your earnings today compared to 2013? | M43: Refused to Answer: 98 | S43: 1 - Thousand LBP | X43: 14- Got married
B44: 1 - More satisfied today | M44: Amount | Q44: Currency | S44: 2 - Thousand SYP | X44: 15- Became pregnant
B45: 2 - More satisfied in 2013 | S45: 3 - USD | X45: 16- Family stopped allowing me to work (social reasons)
B46: 3 - No difference | X46: 17- Other (specify)
W47: =W29+1 -> 16 | X47: After you left this job, how many other different jobs or enterprises have you held or worked at up until today?
A48: =A43+1 -> 10 | B48: Which activity made better use of your qualifications? | AF48: [number]
B49: 1 - Today's activity
B50: 2 - My activity in 2013 | W50: Answer the question then ► | AB50: ='U-V-W'!A4 -> 1
B51: 3 - No difference
A54: =A48+1 -> 11 | B54: What was your work status in 2010?
B55: 1- wage worker | H55: ► | I55: =L5 -> 1
B56: 2- self-employed/employer | H56: ► | I56: =A62 -> 1
B57: 3- not employed | H57: ► | I57: =W61 -> 1
A58: S- Retro HH enterprise job | W58: T- Retrospective unemployment
A59: ASK THIS SECTION IF DIRECTED BY MODULE Q | W59: ASK THIS SECTION IF DIRECTED BY MODULE Q
B60: In your main job in 2010: | L60: =A100+1 -> 11 | M60: When did you stop working at that enterprise?
W61: 1 | X61: In 2010, were you interested in having a job or starting your own business?
A62: 1 | B62: What industry do you work in? | P62: month | S62: year
B63: [ISICV.4 code] 2 digits | X63: 1- Yes | Z63: ► | AA63: =W86 -> 3 | AD63: 2- No
L64: =L60+1 -> 12 | M64: Why did you stop working at that enterprise?
W65: =W61+1 -> 2 | X65: Why weren't you interested in having a job in 2010?
A66: =A62+1 -> 2 | B66: What is your profession? | M66: 1- Fired or dismissed
B67: [ISCO08 code] 2 digits | M67: 2- Found a better job | X67: 1- Too many people searching for jobs
M68: 3- Pay was too low | X68: 2- Underqualified for available jobs
M69: 4- Moved further away | X69: 3- Legal issues
A70: =A66+1 -> 3 | B70: Were you an owner of this enterprise? | M70: 5- Bad experience on the job | X70: 4- Available jobs are too far away
B71: 1- Yes | F71: 2- No | I71: ► | J71: =A76 -> 5 | M71: 6- Contract ended | X71: 5- Discrimination by employers
M72: 7- Season ended | X72: 6- No jobs available that are suitable for education
A73: =A70+1 -> 4 | B73: Was your enterprise registered in the commercial register/MoF? | M73: 8- Needed to take care of family members | X73: 7- Lack of personal or political connections
B74: 1- Yes | G74: 2- No | M74: 9- Business shut down | X74: 8- Don't have enough time to look for work
M75: 10- Security reasons | X75: 9- Wages are too low
A76: =A73+1 -> 5 | B76: How many members of your household, including yourself, worked at this enterprise during 2010? | M76: 11- Sickness or injury | X76: 10- Overqualified for available jobs
J77: [number] | M77: 12- Retirement | X77: 11- Harassment or discrimination (other than by employers)
M78: 13- Did not need to work anymore | X78: 12- Jobs are too dangerous
M79: 14- Got married | X79: 13- Disability or chronic illness
A80: =A76+1 -> 6 | B80: How many people who are not members of your household worked at this enterprise during 2010? (Record 0 if none) | M80: 15- Became pregnant | X80: 14- Housewife
J81: [number] | M81: 16- Family stopped allowing me to work (social reasons) | X81: 15- Too young
M82: 17- Other (specify) | X82: 16- Full-time student
X83: 17- Other (specify)
A84: =A80+1 -> 7 | B84: How do you compare the stability of your activity/enterprise today with your activity/enterprise in 2010? | X84: Answer the question then ► | AC84: ='U-V-W'!A4 -> 1
L85: =L64+1 -> 13 | M85: After you stopped working at that enterprise, how many other different jobs or enterprises have you held or worked at up until today?
B86: 1- More stable today | U86: [number] | W86: =W65+1 -> 3 | X86: Were you actively searching for a job or attempting to set up your own business in 2010?
B87: 2- More stable in 2010
B88: 3- No difference | X88: 1- Yes | AC88: 2- No
A90: =A84+1 -> 8 | B90: How satisfied are you with your earnings today compared to 2010? | L90: Answer the question then ► | Q90: ='U-V-W'!A4 -> 1 | W90: Answer the question then ► | AB90: ='U-V-W'!A4 -> 1
B92: 1 - More satisfied today
B93: 2 - More satisfied in 2010
B94: 3 - No difference
A96: =A90+1 -> 9 | B96: Which activity made better use of your qualifications?
B97: 1 - Today's activity
B98: 2 - My activity in 2010
B99: 3 - No difference
A100: =A96+1 -> 10 | B100: Were you using inputs from Syria/Lebanon or exporting products to Syria/Lebanon in 2010?
B102: 1- Yes | G102: 2- No

Sheet U-V-W
A1: RANDOMLY SELECTED ADULT
A3: U- Norms and relations
A4: 1 | B4: Do you regularly attend church or mosque with the "other" community (Syrian refugees/host communities)? | L4: =A32+1 -> 6 | M4: In January 2015, that is the beginning of this year, the Lebanese government implemented new controls at the Lebanese-Syrian border. Has this policy affected your life in a positive way, a negative way, or in no way whatsoever? | W4: =L39+1 -> 11 | X4: Is security better or worse for you now compared to September 2010 (referring to the place and circumstances of your life at that time)?
B7: 1- Yes
B8: 2- No members of "other" community in my place of worship | X8: 1- Better
B9: 3- I do not regularly attend church/mosque | X9: 2- Same
M10: Ask this question only in Lebanon. | X10: 3- Worse
B11: To what extent do you agree with the following statements regarding the "other" community (Syrian refugees/host communities)? | M11: 1- Positive
M12: 2- Negative | W12: =W4+1 -> 12 | X12: Enumerator: are there children under the age of 12 in this household?
M13: 3- No effect
X14: 1- Yes
A15: =A4+1 -> 2 | B15: My values are very different from those of the other community. | L15: =L4+1 -> 7 | M15: What is your greatest challenge right now? | X15: 2- No | Z15: ► | AA15: =K50 -> 1
B17: 1- Strongly agree | F17: 3- Disagree | M17: 1- Lack of proper ID documents | W17: For your life/household today and your life/household in September 2010:
B18: 2- Agree | F18: 4- Strongly disagree | M18: 2- Inadequate income/work
M19: 3- Lack of cash | W19: How safe do/did you feel safe allowing children under the age of 12 to play outside?
A20: =A15+1 -> 3 | B20: My lifestyle is different compared to that of the other community. | M20: 4- Lack of food
M21: 5- Quality of dwelling
B22: 1- Strongly agree | F22: 3- Disagree | M22: 6- Access to services (health, education) | W22: =W12+1 -> 13 | X22: Today | AC22: 1- Very safe
B23: 2- Agree | F23: 4- Strongly disagree | M23: 7- Discrimination | AC23: 2- Safe
M24: 8- Safety | W24: =W22+1 -> 14 | X24: September 2010 | AC24: 3- Unsafe
A25: =A20+1 -> 4 | B25: Do the children in this household have any friends from the "other" community (Syrian refugees/host community)? | M25: 9- Psychological stress | AC25: 4- Very unsafe
M26: 10- Worrying about family members who are away
M27: 11- Other (specify) | W27: How safe do/did you feel safe allowing children under the age of 12 to be home alone?
B28: 1- Yes
B29: 2- No | L29: =L15+1 -> 8 | M29: Is there a curfew in the area where you live?
B30: 3- N/A | M30: 1- Yes | W30: =W24+1 -> 15 | X30: Today | AC30: 1- Very safe
M31: 2- No | AC31: 2- Safe
A32: =A25+1 -> 5 | B32: Does the children share recreational spaces with children from the "other" community (Syrian refugees/host community)? | W32: =W30+1 -> 16 | X32: September 2010 | AC32: 3- Unsafe
L33: =L29+1 -> 9 | M33: How safe do you think it is for you to walk outside during the day in the area where you live? | AC33: 4- Very unsafe
B35: 1- Yes | W35: How comfortable are/were you leaving children under the age of 12 with neighbors during the day?
B36: 2- No | M36: 1- Very safe | Q36: 3- Unsafe
B37: 3- N/A | M37: 2- Safe | Q37: 4- Very unsafe
W38: =W32+1 -> 17 | X38: Today | AC38: 1- Very safe
L39: =L33+1 -> 10 | M39: How safe do you think it is for you to walk outside during the evening in the area where you live? | AC39: 2- Safe
W40: =W38+1 -> 18 | X40: September 2010 | AC40: 3- Unsafe
AC41: 4- Very unsafe
M42: 1- Very safe | Q42: 3- Unsafe
M43: 2- Safe | Q43: 4- Very unsafe
A48: V - Conflicts
K50: 1 | O50: =K50+1 -> 2 | S50: =O50+1 -> 3 | W50: =S50+1 -> 4 | AC50: =W50+1 -> 5 | AI50: =AC50+1 -> 6
K51: Is [COMMUNITY PROBLEM] currently an issue in your area? | O51: Have you or another household member experienced [INDIVIDUAL PROBLEM] at any time during the past 12 months in this area? | S51: Did you or another household member ask anyone for help on this issue? This could include family, friends, an outside organization, (moneylender), or the police? | W51: What is the main person or institution you asked for help? | AC51: Why didn't you ask anyone for legal/official help? | AI51: How satisfied are you with how this issue is being resolved?
W53: 1- Police | AB53: ► | AC53: 1- Solved through direct negotiation with other party
W54: 2- Lawyer/court
W55: 3- Elected official | AB55: =AI50 -> 6 | AC55: 2- Solved through mediation of relatives / neighbors / friends
W56: 4- Other government official
K57: 1- Yes | O57: 1- Yes | W57: 5 - Moneylenders | AC57: 3- It would take too much time
K58: 2- No | O58: 2- No | P58: ►next problem | W58: 6 - Bank | AC58: 4- It would cost too much money
S59: 1- Yes | W59: 7 - Shopkeepers | AC59: 5- Other party is more powerful than I am, no chance of winning | AI59: 1-Very satisfied
S60: 2- No | T60: ► | U60: =AC50 -> 5 | W60: 8- NGO or UN | AI60: 2- Satisfied
W61: 9- Political party or political connections | AC61: 6- It would cause problems for me or my family | AI61: 3- Dissatisfied
W62: 10- Religious organization | AI62: 4- Very dissatisfied
W63: 11- Neighbors / friends | AC63: 7- Don't know how to prove
W64: 12 -Other household members | AC64: 8- I don't know who to ask for help
W65: 13- Other, specify | AC65: 9 - Other (specify)
A67: 1 - Bribery/corruption
A68: 2 - Harassment
A69: 3 - Theft
A70: 4 - Forced eviction
A71: 5 - Physical violence/assault
A72: 6 - Gender based violence (harassment, assault, rape, domestic violence)
A73: 7 - Business disputes (lending, employment, etc)
A74: 8 - Family disputes (divorce, inheritance, etc)
A75: 9 - Indebtedness
A77: W- Assessment of Overall Situation
A79: Think about your overall satisfaction with your life over the last few years - your happiness, wealth, security, hope for the future, etc. For each year, how do you rate your life on a scale of 1-10, with 1 meaning "my life could not be worse" and 10 meaning "my life could not be better". (Preferably, the respondent can draw for him / herself, otherwise report 1-10 for each year to the enumerator. Enumerator, record value 1-10 at the bottom of the graph.)
F83: 2005 | K83: 2010 | N83: 2011 | Q83: 2012 | T83: 2013 | W83: 2014 | Z83: 2015 | AC83: 2016 | AH83: 2020
A84: My life could not be better | C84: ☺ | D84: 10
D86: 9
D88: 8
D90: 7
D92: 6
D94: 5
D96: 4
D98: 3
D100: 2
A102: My life could not be worse | C102: L | D102: 1
F104: =1 -> 1 | K104: =F104+1 -> 2 | N104: =K104+1 -> 3 | Q104: =N104+1 -> 4 | T104: =Q104+1 -> 5 | W104: =T104+1 -> 6 | Z104: =W104+1 -> 7 | AC104: =Z104+1 -> 8 | AH104: =AC104+1 -> 9
A109: TIME ENDED: | H109: :

Sheet MM-NN-OO-PP
A1: SECOND RANDOMLY SELECTED INDIVIDUAL (BETWEEN THE AGES OF 15 AND 64) WHO ANSWERS SECTIONS MM THROUGH TT | Z1: Roster ID of Random Respondent 2
A3: TIME STARTED: | H3: :
A5: MM- Current labor screener | L5: NN- Current unemployment
L6: ASK THIS SECTION IF DIRECTED BY MODULE M | W6: =L34+1 -> 5 | X6: Which of the following methods have you used to search for work or find a job? | AH6: =W25+1 -> 7 | AI6: What do you think is your biggest impediment to finding a job?
A7: 1 | B7: During the past 7 days, have you worked for at least one hour? By "work" we mean any activities you undertook for remuneration, including working for wages or in-kind, running a business, or working on a farm or with livestock.
L8: 1 | M8: Are you interested in having a job or starting your own business? | X8: Multiple answers allowed | AH8: 1- Too many people searching for jobs
AH9: 2- Underqualified for available jobs
M10: 1- Yes | O10: ► | P10: =L29 -> 3 | R10: 2- No | W10: 1- Contacted public employment office | AH10: 3- Legal issues
W11: 2- Contacted commercial employment office | AH11: 4- Available jobs are too far away
L12: =L8+1 -> 2 | M12: Why aren't you interested in having a job or starting your own business? | W12: 3- Placed/answered job advertisements in newspapers | AH12: 5- Discrimination by employers
B13: 1- Yes | D13: ► | E13: =A21 -> 3 | G13: 2- No | W13: 4- Asked friends, relatives or other personal connections | AH13: 6- No jobs available that are suitable for education
M14: Answer the question and ► | R14: ='Q-R-S-T'!A5 -> 1 | W14: 5- Contacted employer directly | AH14: 7- Lack of personal or political connections
A15: =A7+1 -> 2 | B15: During the past 7 days, did you have a job that you were temporarily absent from, for example because of vacation or sickness? | M15: 1- Too young | W15: 6- Tried to find land, workplace, equipment, financial resources/credit to start own business, applied for relevant licenses, permits, etc | AH15: 8- Don't have enough time to look for work
M16: 2- Fulltime student | AH16: 9- Wages are too low
M17: 3- Social reasons (family doesn't let me work) | AH17: 10- Overqualified for available jobs
M18: 4- Disability or chronic illness | W18: 7- Sought to obtain working permit | AH18: 11- Harassment or discrimination (other than by employers)
B19: 1- Yes | G19: 2- No | I19: ► | J19: =L8 -> 1 | M19: 5- Retired | W19: 8- Went door to door looking for employment | AH19: 12- Jobs are too dangerous
M20: 6- Housewife | W20: 9- Contacted cash-for-work program | AH20: 13- Disability or chronic illness
A21: =A15+1 -> 3 | B21: Think about your main job for the last 7 days; that is, the job that you spent the most time working at. How many hours did you spend working at that job over the last 7 days? | M21: 7- Don't want to work | W21: 10- Contacted an NGO | AH21: 14- Other (specify)
J22: [hours] | M22: 8- Discrimination | W22: 11- Contacted local authorities or municipal government | AH22: Answer the question then ► | AL22: ='Q-R-S-T'!A5 -> 1
M23: 9- No good jobs available | W23: 12 - Searched online job sites
M24: 10- Don't plan on staying in this area for very long | W24: 13- Other (specify) | AH24: =AH6+1 -> 8 | AI24: During the past 30 days, have you worked for at least one hour? By "work" we mean any activities you undertook for remuneration, including working for wages or in-kind, running a business, or working on a farm or with livestock.
M25: 11- Local security situation | W25: =W6+1 -> 6 | X25: What is your main source of information for employment opportunities?
A26: =A21+1 -> 4 | B26: Did you work at any other jobs besides your main job during the last 7 days? | M26: 12- Discouragement
M27: 13 - Don't have the right papers | W27: 1- Job ads in print media
B28: 1- Yes | G28: 2- No | M28: 14- Other (specify) | W28: 2- Job ads on radio or TV
L29: =L12+1 -> 3 | M29: Have you actively searched for a job or attempted to set up your own business within the last year? | W29: 3- Job ads on the internet/SMS
A30: =A26+1 -> 5 | B30: Which of the following statements best describes your main job: | W30: 4- Public employment agency | AI30: 1- Yes | AN30: 2- No | AQ30: ► | AR30: ='Q-R-S-T'!A5 -> 1
W31: 5- Private employment agency
B32: Read statements | M32: 1- Yes | R32: 2- No | T32: ► | U32: =AH24 -> 8 | W32: 6- Family relations | AH32: =AH24+1 -> 9 | AI32: Which of the following statements best describes your main job:
B33: 1- I work for wages or payment (either in cash or in kind) for a company, the government or any other individual. | J33: ► | K33: =A45 -> 1 | W33: 7- Friends
L34: =L29+1 -> 4 | M34: When was the last time you actively searched for a job or attempted to set up your own business? | W34: 8- Political connections | AI34: Read statements
W35: 9- NGO | AI35: 1- I work for wages or payment (either in cash or in kind) for a company, the government or any other individual. | AQ35: ► | AR35: =A45 -> 1
B36: 2- I do not work for wages, but rather work on my account or in a business enterprise or farm belonging to me or someone else in my household, for example, as a farmer, trader, shop-keeper, barber, dressmaker, carpenter or taxi driver | J36: ► | K36: =A90 -> 1 | M36: 1- 7 days or less | W36: 10- Door-to-door searches
M37: 2- Between 7 and 30 days | W37: 11- Local authorities or municipal government
M38: 3- Between 1 and 6 months | W38: 12- Don't have any sources of information | AI38: 2- I do not work for wages, but rather work on my account or in a business enterprise or farm belonging to me or someone else in my household, for example, as a farmer, trader, shop-keeper, barber, dressmaker, carpenter or taxi driver | AQ38: ► | AR38: =A90 -> 1
M39: 4- More than 6 months | W39: 13-Other (specify)
A43: OO- Current wage job
A44: ASK THIS SECTION IF DIRECTED BY MODULE M OR N | AH44: =W74+1 -> 25 | AI44: How satisfied are you with your job security today compared to 2013?
A45: 1 | B45: What industry do you work in? | L45: =A80+1 -> 10 | M45: Does your work provide social insurance or health insurance? | W45: =L78+1 -> 18 | X45: How did you find this job?
B46: [ISICV.4 code] 2 digits | X46: 1- Asked close relative or HH member | AI46: 1- More satisfied today
M47: 1- Yes: NSSF insurance only | X47: 2- Asked distant relative | AI47: 2- More satisfied in 2013
M48: 2- Yes: private insurance only | X48: 3- Asked friend | AI48: 3- No difference
A49: =A45+1 -> 2 | B49: What is your profession? | M49: 3- Yes: both NSSF and private | X49: 4- Asked friend of friend or relative
B50: [ISCO08 code] 2 digits | M50: 4- No | X50: 5- Asked member of same community | AH50: =AH44+1 -> 26 | AI50: How satisfied are you with your earnings today compared to 2013?
L51: =L45+1 -> 11 | M51: Do you receive a regular paycheck from this job? | X51: 6- Asked politician or political party
X52: 7- Applied at employment office | AI52: 1 - More satisfied today
A53: =A49+1 -> 3 | B53: What kind of organization do you work for? | M53: 1- Yes | R53: 2- No | T53: ► | U53: =L63 -> 14 | X53: 8- Responded to ad in newspaper | AI53: 2 - More satisfied in 2013
B54: 1- Private sector | L54: =L51+1 -> 12 | M54: How often do you get paid? | X54: 9- Applied directly to the firm | AI54: 3 - No difference
B55: 2- NGO or international organization | M55: 1- Hourly | P55: 5- Monthly | X55: 10- Other (specify)
B56: 3- Public sector (non-military) | I56: ► | J56: =A64 -> 5 | M56: 2- Daily | P56: 6- Quarterly | W56: =W45+1 -> 19 | X56: Are you satisfied with the job security in this job? | AH56: =AH50+1 -> 27 | AI56: How do your hours worked today compare to the hours you worked in 2010?
B57: 4- Army | I57: ► | J57: =A64 -> 5 | M57: 3- Weekly | P57: 7- Other (specify) | X57: 1- Yes | AC57: 2- No
M58: 4- Bi-monthly | W58: =W56+1 -> 20 | X58: Are you satisfied with the earnings in this job? | AI58: 1 - More hours today
A59: =A53+1 -> 4 | B59: How many people work at this branch? | L59: =L54+1 -> 13 | M59: How much did you earn during the last pay period (excluding bonuses and benefits)? | AI59: 2 - More hours in 2013
B60: Including self and employer | T60: Thousand LBP | X60: 1- Yes | AC60: 2- No | AI60: 3 - No difference
B61: 1- Fewer than 5 | F61: 3- [10-19] | M61: Refused to Answer: 98
B62: 2- [5-9] | F62: 4- 20 or more | W62: =W58+1 -> 21 | X62: Are you satisfied with the hours you work in this job? | AH62: =AH56+1 -> 28 | AI62: Enumerator: did the respondent begin working at this job in 2010 or before?
L63: =L59+1 -> 14 | M63: What was your total cash income from this job over the past month?
A64: =A59+1 -> 5 | B64: How do you typically commute to this job? | T64: Thousand LBP | X64: 1- Yes | AC64: 2- No | AI64: 1- Yes | AN64: 2- No | AP64: ► | AQ64: ='Q-R-S-T'!A54 -> 11
B65: 1- Walk | F65: 6- Minibus | M65: Refused to Answer: 98
B66: 2- Shared cab (service) | F66: 7- Car | W66: =W62+1 -> 22 | X66: When did you start this job? | AH66: =AH62+1 -> 29 | AI66: What was your total cash income from this job during a typical month in 2010?
B67: 3- Motorbike | F67: 8- Carpool | L67: =L63+1 -> 15 | M67: Do you receive any non-monetary compensation for this job, such as housing or food?
B68: 4- Taxi | F68: 9- I live at my work place | J68: ► | K68: =A74 -> 7 | AA68: month | AD68: year | AI68: Refused to Answer: 98 | AO68: 1 - Thousand LBP
B69: 5- Bus | F69: 10- Other (specify) | M69: 1- Yes | R69: 2- No | T69: ► | U69: =L78 -> 17 | AI69: Amount | AM69: Currency | AO69: 2 - Thousand SYP
L70: =L67+1 -> 16 | M70: What kind of non-monetary compensation? | W70: =W66+1 -> 23 | X70: Enumerator: did the respondent begin working at this job in 2013 or before? | AO70: 3 - USD
A71: =A64+1 -> 6 | B71: How long does it take you to get to this job on a typical day (one-way)? | M71: Multiple answers allowed
J72: [minutes] | M72: 1- Food | P72: 6- Travel | X72: 1- Yes | AC72: 2- No | AE72: ► | AF72: ='Q-R-S-T'!A5 -> 1
M73: 2- Housing | P73: 7- Other (specify)
A74: =A71+1 -> 7 | B74: Do you have a written contract? | M74: 3- Mobile phone | W74: =W70+1 -> 24 | X74: What was your total cash income from this job during a typical month in 2013? | AH74: =AH66+1 -> 30 | AI74: How satisfied are you with your job security today compared to 2010?
B75: 1- Yes | G75: 2- No | I75: ► | J75: =L45 -> 10 | M75: 4- Work car
M76: 5- Insurance | X76: Refused to Answer: 98 | AD76: 1 - Thousand LBP | AI76: 1- More satisfied today
A77: =A74+1 -> 8 | B77: Is your contract fixed-term or open-ended? | X77: Amount | AB77: Currency | AD77: 2 - Thousand SYP | AI77: 2- More satisfied in 2010
B78: 1- Fixed-term | F78: 2- Open-ended | I78: ► | J78: =L45 -> 10 | L78: =L70+1 -> 17 | M78: What was your relationship with your employer prior to starting work? | AD78: 3 - USD | AI78: 3- No difference
A80: =A77+1 -> 9 | B80: What is the duration of your contract? | M80: 1- No relationship | AH80: =AH74+1 -> 31 | AI80: How satisfied are you with your earnings today compared to 2010?
J81: [months] | M81: 2- Member of my household
M82: 3- Close relative | AI82: 1 - More satisfied today
M83: 4- Distant relative | AI83: 2 - More satisfied in 2010
M84: 5- Friend | AI84: 3 - No difference
M85: 6- Friend of friend or relative
M86: 7- Other (specify) | AH86: =AH80+1 -> 32 | AI86: How do your hours worked today compare to the hours you worked in 2010?
A88: PP- Current HH enterprise job | AI88: 1 - More hours today
A89: ASK THIS SECTION IF DIRECTED BY MODULE M | L89: =A123+1 -> 10 | M89: When was this enterprise founded? | W89: =L123+1 -> 18 | X89: How many members of your household, including yourself, worked at this enterprise during 2010? | AI89: 2 - More hours in 2010
A90: 1 | B90: What industry do you work in? | AF90: [number] | AI90: 3 - No difference
B91: [ISICV.4 code] 2 digits | P91: month | S91: year
AH92: Answer the question then ► | AM92: END SURVEY
L93: =L89+1 -> 11 | M93: How do you rate the stability of this activity/enterprise? | W93: =W89+1 -> 19 | X93: How many people who are not members of your household worked at this enterprise during 2010? (Record 0 if none)
A94: =A90+1 -> 2 | B94: What is your profession? | AF94: [number]
B95: [ISCO08 code] 2 digits | M95: 1- Very stable
M96: 2- Moderately stable
M97: 3- Unstable | W97: =W93+1 -> 20 | X97: How do you compare the stability of your activity/enterprise today with your activity/enterprise in 2010?
A98: =A94+1 -> 3 | B98: Are you an owner of this enterprise?
B99: 1- Yes | G99: 2- No | I99: ► | J99: =A104 -> 5 | L99: =L93+1 -> 12 | M99: When did you start working at this enterprise? | X99: 1- More stable today
X100: 2- More stable in 2010
A101: =A98+1 -> 4 | B101: Is your enterprise registered in the commercial register/MoF? | P101: month | S101: year | X101: 3- No difference
B102: 1- Yes | G102: 2- No
L103: =L99+1 -> 13 | M103: Enumerator: did the respondent begin working at this enterprise in 2013 or before? | W103: =W97+1 -> 21 | X103: How satisfied are you with your earnings today compared to 2010?
A104: =A101+1 -> 5 | B104: Are any of your business partners or employees members of the "other" community (Syrian refugee/host community)?
M105: 1- Yes | R105: 2- No | T105: ► | U105: ='Q-R-S-T'!A5 -> 1 | X105: 1 - More satisfied today
X106: 2 - More satisfied in 2010
B107: 1- Yes | G107: 2- No | L107: =L103+1 -> 14 | M107: How do you compare the stability of your activity/enterprise today with your activity/enterprise in 2013? | X107: 3 - No difference
...

Sheet QQ-RR-SS-TT
A1: SECOND RANDOMLY SELECTED ADULT
A2: QQ- Retro labor screener | L2: RR- Retro wage job
A3: Ask this section if directed by modules MM-NN-OO-PP | L3: ASK THIS SECTION IF DIRECTED BY MODULE QQ
M4: In your main job in 2010: | W4: =L41+1 -> 10 | X4: How satisfied are you with your job security today compared to 2010?
A5: 1 | B5: What was your work status in 2013? | L5: 1 | M5: What industry do you work in?
B6: 1- employed | M6: [ISICV.4 code] 2 digits | X6: 1- More satisfied today
B7: 2- not employed | E7: ► | F7: =A53 -> 11 | X7: 2- More satisfied in 2010
A8: =A5+1 -> 2 | B8: What industry do you work in? | L8: =L5+1 -> 2 | M8: What is your profession? | X8: 3- No difference
B9: [ISICV.4 code] 2 digits | M9: [ISCO08 code] 2 digits
W10: =W4+1 -> 11 | X10: How satisfied are you with your earnings today compared to 2010?
A11: =A8+1 -> 3 | B11: What is your profession?
B12: [ISCO08 code] 2 digits | L12: =L8+1 -> 3 | M12: What kind of organization did you work for? | X12: 1 - More satisfied today
M13: 1- Private sector | X13: 2 - More satisfied in 2010
A14: =A11+1 -> 4 | B14: Enumerator: what is the respondent's 2013 work status? | M14: 2- NGO or international organization | X14: 3 - No difference
M15: 3- Public sector (non-military)
B16: 1- wage worker | M16: 4- Army | W16: =W10+1 -> 12 | X16: How do your hours worked today compare to the hours you worked in 2010?
B17: 2- self-employed/employer | G17: ► | H17: =A38 -> 8 | L17: =L12+1 -> 4 | M17: Did you have a written contract?
M18: 1- Yes | R18: 2- No | X18: 1 - More hours today
A19: =A14+1 -> 5 | B19: What was your total cash income from this job during a typical month? | L19: =L17+1 -> 5 | M19: Did your work provide social insurance or health insurance? | X19: 2 - More hours in 2010
X20: 3 - No difference
B21: Refused to Answer: 98 | H21: 1 - Thousand LBP | M21: 1- Yes: NSSF insurance only
B22: Amount | F22: Currency | H22: 2 - Thousand SYP | M22: 2- Yes: private insurance only | W22: =W16+1 -> 13 | X22: Which activity made better use of your qualifications?
H23: 3 - USD | M23: 3- Yes: both NSSF and private | X23: 1 - Today's activity
M24: 4- No | X24: 2 - My activity in 2010
A25: =A19+1 -> 6 | B25: How satisfied are you with your job security today compared to 2013? | L25: =L19+1 -> 6 | M25: Did you receive a regular paycheck? | X25: 3 - No difference
M26: 1- Yes | R26: 2- No | T26: ► | U26: =L41 -> 9
B27: 1- More satisfied today | W27: =W22+1 -> 14 | X27: When did you leave this job?
B28: 2- More satisfied in 2013 | L28: =L25+1 -> 7 | M28: How often did you get paid?
B29: 3- No difference | AA29: month | AD29: year
M30: 1- Hourly | Q30: 5- Monthly | W30: =W27+1 -> 15 | X30: Why did you leave this job?
A31: =A25+1 -> 7 | B31: How do your hours worked today compare to the hours you worked in 2013? | M31: 2- Daily | Q31: 6- Quarterly | X31: 1- Fired or dismissed
M32: 3- Weekly | Q32: 7- Other (specify) | X32: 2- Found a better job
B33: Answer the question then ► | G33: =A43 -> 9 | M33: 4- Bi-monthly | X33: 3- Pay was too low
B34: 1 - More hours today | L34: =L28+1 -> 8 | M34: How much did you earn during a typical pay period in 2010 (excluding bonuses and benefits)? | X34: 4- Moved further away
B35: 2 - More hours in 2013 | X35: 5- Bad experience on the job
B36: 3 - No difference | X36: 6- Contract ended
M37: Refused to Answer: 98 | S37: 1 - Thousand LBP | X37: 7- Season ended
A38: =A31+1 -> 8 | B38: How do you compare the stability of your activity/enterprise today with your activity/enterprise in 2013? | M38: Amount | Q38: Currency | S38: 2 - Thousand SYP | X38: 8- Needed to take care of family members
B39: 1- More stable today | S39: 3 - USD | X39: 9- Business shut down
B40: 2- More stable in 2013 | X40: 10- Security reasons
B41: 3- No difference | L41: =L34+1 -> 9 | M41: What was your total cash income from this job/enterprise during a typical month? | X41: 11- Sickness or injury
X42: 12- Retirement
A43: =A38+1 -> 9 | B43: How satisfied are you with your earnings today compared to 2013? | M43: Refused to Answer: 98 | S43: 1 - Thousand LBP | X43: 13- Did not need to work anymore
B44: 1 - More satisfied today | M44: Amount | Q44: Currency | S44: 2 - Thousand SYP | X44: 14- Got married
B45: 2 - More satisfied in 2013 | S45: 3 - USD | X45: 15- Became pregnant
B46: 3 - No difference | X46: 16- Family stopped allowing me to work (social reasons)
X47: 17- Other (specify)
A48: =A43+1 -> 10 | B48: Which activity made better use of your qualifications? | W48: =W30+1 -> 16 | X48: After you left this job, how many other different jobs or enterprises have you held or worked at up until today?
B49: 1 - Today's activity | AF49: [number]
B50: 2 - My activity in 2013
B51: 3 - No difference | W51: Answer the question then ► | AB51: END SURVEY
A53: =A48+1 -> 11 | B53: What was your work status in 2010?
B54: 1- wage worker | H54: ► | I54: =L5 -> 1
B55: 2- self-employed/employer | H55: ► | I55: =A61 -> 1
B56: 3- not employed | H56: ► | I56: =W60 -> 1
A57: SS- Retro HH enterprise job | W57: TT- Retrospective unemployment
A58: ASK THIS SECTION IF DIRECTED BY MODULE QQ | W58: ASK THIS SECTION IF DIRECTED BY MODULE QQ
B59: In your main job in 2010: | L59: =A98+1 -> 11 | M59: When did you stop working at that enterprise?
W60: 1 | X60: In 2010, were you interested in having a job or starting your own business?
A61: 1 | B61: What industry do you work in? | P61: month | S61: year
B62: [ISICV.4 code] 2 digits | X62: 1- Yes | Z62: ► | AA62: =W85 -> 3 | AD62: 2- No
L63: =L59+1 -> 12 | M63: Why did you stop working at that enterprise?
W64: =W60+1 -> 2 | X64: Why weren't you interested in having a job in 2010?
A65: =A61+1 -> 2 | B65: What is your profession? | M65: 1- Fired or dismissed
B66: [ISCO08 code] 2 digits | M66: 2- Found a better job | X66: 1- Too many people searching for jobs
M67: 3- Pay was too low | X67: 2- Underqualified for available jobs
M68: 4- Moved further away | X68: 3- Legal issues
A69: =A65+1 -> 3 | B69: Were you an owner of this enterprise? | M69: 5- Bad experience on the job | X69: 4- Available jobs are too far away
B70: 1- Yes | F70: 2- No | I70: ► | J70: =A75 -> 5 | M70: 6- Contract ended | X70: 5- Discrimination by employers
M71: 7- Season ended | X71: 6- No jobs available that are suitable for education
A72: =A69+1 -> 4 | B72: Was your enterprise registered in the commercial register/MoF? | M72: 8- Needed to take care of family members | X72: 7- Lack of personal or political connections
B73: 1- Yes | G73: 2- No | M73: 9- Business shut down | X73: 8- Don't have enough time to look for work
M74: 10- Security reasons | X74: 9- Wages are too low
A75: =A72+1 -> 5 | B75: How many members of your household, including yourself, worked at this enterprise during 2010? | M75: 11- Sickness or injury | X75: 10- Overqualified for available jobs
J76: [number] | M76: 12- Retirement | X76: 11- Harassment or discrimination (other than by employers)
M77: 13- Did not need to work anymore | X77: 12- Jobs are too dangerous
M78: 14- Got married | X78: 13- Disability or chronic illness
A79: =A75+1 -> 6 | B79: How many people who are not members of your household worked at this enterprise during 2010? (Record 0 if none) | M79: 15- Became pregnant | X79: 14- Housewife
J80: [number] | M80: 16- Family stopped allowing me to work (social reasons) | X80: 15- Too young
M81: 17- Other (specify) | X81: 16- Full-time student
X82: 17- Other (specify)
A83: =A79+1 -> 7 | B83: How do you compare the stability of your activity/enterprise today with your activity/enterprise in 2010? | X83: Answer the question then ► | AC83: END SURVEY
L84: =L63+1 -> 13 | M84: After you stopped working at that enterprise, how many other different jobs or enterprises have you held or worked at up until today?
B85: 1- More stable today | U85: [number] | W85: =W64+1 -> 3 | X85: Were you actively searching for a job or attempting to set up your own business in 2010?
B86: 2- More stable in 2010
B87: 3- No difference | X87: 1- Yes | AC87: 2- No
A89: =A83+1 -> 8 | B89: How satisfied are you with your earnings today compared to 2010? | L89: Answer the question then ► | Q89: END SURVEY | W89: Answer the question then ► | AB89: END SURVEY
B91: 1 - More satisfied today
B92: 2 - More satisfied in 2010
B93: 3 - No difference
A94: =A89+1 -> 9 | B94: Which activity made better use of your qualifications?
B95: 1 - Today's activity
B96: 2 - My activity in 2010
B97: 3 - No difference
A98: =A94+1 -> 10 | B98: Were you using inputs from Syria/Lebanon or exporting products to Syria/Lebanon in 2010?
B100: 1- Yes | G100: 2- No
A103: TIME ENDED: | H103: :
